Workbook

Sheet ARBOL DE PROBLEMAS
A1: ARBOL DE PROBLEMAS
A2: SISTEMA DE AGUA POTABLE Y ALCANTARILLADO DE DOCTOR MORA, GTO.
A5: NO SE GARANTIZA LA CALIDAD DEL AGUA POTABLE EN ALGUNAS CALLES DE CABECERA MUNICIPAL
A7: AGUA INSALUBRE | C7: PRESUPUESTO FAMILIAR EN DESEQUILIBRIO | E7: EFECTOS
A9: MOLESTIA CIUDADANA POR SUSPENSIÓN FRECUENTE DE AGUA POTABLE POR REPARACION DE FUGAS | C9: USO INADECUADO DEL LIQUIDO
A11: DEFICIENTE SUMINISTRO DE AGUA POTABLE Y FALTA DE CULTURA Y USO DEL AGUA POTABLE EN CABECERA MUNICIPAL | E11: PROBLEMA
A13: FUGAS FRECUENTES DE AGUA POTABLE EN CABECERA MUNICIPAL | C13: USO IRRACIONAL DEL AGUA
A15: EXISTENCIA DE TUBERIA DE ASBESTO EN MAL ESTADO EN ALGUNAS CALLES DE CABECERA MUNICIPAL | C15: FALTA FOMENTAR EL USO Y CULTURA DEL AGUA | E15: CAUSAS

Sheet ARBOL DE OBJETIVOS 
A1: ARBOL DE OBJETIVOS
A2: SISTEMA DE AGUA POTABLE Y ALCANTARILLADO DE DOCTOR MORA, GTO.
A5: SE GARANTIZA LA DISPONIBILIDAD Y CALIDAD DEL AGUA DE ACUERDO CON SUS DIFERENTES DESTINOS
A7: AGUA POTABLE MAS SALUBRE EN CABECERA MUNICIPAL | D7: PRESUPUESTO FAMILIAR EN EQUILIBRIO
A9: SATISFACCION CIUDADANA POR MENOR SUSPENCION DE SERVICIO DE AGUA | D9: CONSUMOS DE AGUA POTABLE RACIONALE | E9: FINES
A11: EFICIENTE CALIDAD DE SUMINISTRO DE AGUA POTABLE Y PRESENCIA DE CULTURA Y USO DEL AGUA EN CABECERA MUNICIPAL | E11: SOLUCIONES
A13: SE REDUCEN LAS FUGAS DE AGUA POTABLE EN CABECERA MUNICIPAL | D13: SE REALIZA PROGRAMA DE CULTURA Y USO DEL AGUA EN CABECERA MUNICIPAL
A15: REPOSICION DE TUBO DE ASBESTO CEMENTO POR TUBO PVC HIDRAULICO EN ALGUNAS CALLES DE CABECERA MUNICIPAL | D15: EXISTENCIA DE CULTRUA Y USO DE AGUA POTABLE | E15: MEDIOS

Sheet MIR
A1: Programa presupuestario | B1: Lógica Vertical | C1: Resumen Narrativo | D1: Eje o línea estratégica | E1: Objetivo | F1: Estrategia | G1: Indicador | H1: Fórmula de cálculo | I1: Tipo | J1: Dimensión | K1: Frecuencia de Medición | L1: Línea base | M1: Meta Programada | N1: Meta Modificada | O1: Meta alcanzada | P1: Avance/ Programado | Q1: Avance/ Modificado | R1: Medios de verificación | S1: Vinculacion interdepartamental | T1: Supuestos | U1: F | V1: FN | W1: SF | X1: CA | Y1: CP | Z1: CTG | AA1: UR | AB1: FF | AC1: CUENTA | AD1: FONDO | AE1: DESCRIPCION | AF1: Presupuesto aprobado | AG1: Aumento | AH1: Disminucion | AI1: Presupuesto Modificado | AJ1: Presupuesto Devengado | AK1: Devengado / Aprobado | AL1: Avance Devengado / Modificado
B2: Fin | C2: ='ARBOL DE OBJETIVOS '!A7 -> AGUA POTABLE MAS SALUBRE EN CABECERA MUNICIPAL | D2: DR. MORA, POR UN TERRITORIO ORDENADO Y EN ARMONIA CON EL MEDIO AMBIENTE | E2: LOGRAR UN MANEJO EFICIENTE DEL AGUA PARA GARANTIZAR LA COBERTURA Y CALIDAD DE LOS SERVICIOS DE AGUA POTABLE Y ALCANTARILLADO EN EL MUNICIPIO. | F2: FORTALECIENDO LA COBERTURA DE SERVICIOS DE AGUA, DRENAJE Y SANEAMIENTO, PROMOVIENDO EL USO RACIONAL DEL VITAL LIQUIDO PARA SU MEJOR APROVECHAMIENTO | G2: OBRAS REALIZADAS | H2: No. OBRAS REALIZADAS/No. DE OBRAS PROGRAMADAS*100 | I2: DESEMPEÑO | J2: MUNICIPAL | K2: TRIMESTRAL | L2: PROGRAMA DE GOBIERNO | M2: REPOSISION DE TUBO DE AGUA DE ASBESTO CEMENTO POR TUBO DE PVC HIDRAULICON CABECERA MPAL, DIFUNDIR CULTURA Y CIUDADO DEL AGUA EN CABECERA MUNICIPAL | P2: 1 | R2: FOTOGRAFIAS. Y MAPA CATASTRAL | S2: SAPADM | T2: LAS OBRAS Y ACCIONES CONCLUYEN DE ACUERDO A LO PROGRAMADO
B3: Propósito | C3: MEJORAR INFRAESTRUCTURA HIDRAULICA EN CALLES DE CABECERA MUNICIPAL , CULTURA DE USO MODERADO DE AGUA POTABLE IMPLEMENTADA EN CABECERA MUNICIPAL | D3: DR. MORA, POR UN TERRITORIO ORDENADO Y EN ARMONIA CON EL MEDIO AMBIENTE | E3: LOGRAR UN MANEJO EFICIENTE DEL AGUA PRA GARANTIZAR LA COBERTURA Y CALIDAD DE LOS SERVICIOS DE AGUA POTABLE Y ALCANTARILLADO EN EL MUNICIPIO. | F3: FORTALECIENDO LA COBERTURA DE SERVICIOS DE AGUA, DRENAJE Y SANEAMIENTO, PROMOVIENDO EL USO RACIONAL DEL VITAL LIQUIDO PARA SU MEJOR APROVECHAMIENTO | G3: OBRAS REALIZADAS | H3: No. DE OBRAS REALIZADAS/No. DE OBRAS PROGRAMADAS)*100 | I3: DESEMPEÑO | J3: MUNICIPAL | K3: TRIMESTRAL | L3: PROGRAMA DE GOBIERNO | M3: REPOSISION DE 400 MTS. DE TUBO DE AGUA DE ASBESTO CEMENTO POR TUBO DE PVC HIDRAULICON CABECERA MPAL, DIFUNDIR CULTURA Y CIUDADO DEL AGUA EN CABECERA MUNICIPAL | P3: 1 | R3: PROYECTO VALIDADO | S3: SAPADM | T3: LAS Y LOS HABITANTES DEL MUNICIPIO CUENTAN CON UN ENTORNO MAS SALUDABLE Y EN ARMONIA CON EL MEDIO AMBIENTE,
B4: Componente 1 | C4: REPOSICION DE TUBO HIDRAULICO EN LAS CALLES QUE CUENTA CON TUBO DE ASBESTO CEMENTO EN LINEAS DE AGUA POTABLE DE CABECERA MUNICIPAL PARA EFICIENTAR EL SUMINISTRO | D4: DR. MORA, POR UN TERRITORIO ORDENADO Y EN ARMONIA CON EL MEDIO AMBIENTE | E4: GARANTIZAR LA DISPONIBILIDAD Y CALIDAD DEL AGUA DE ACUERDO CON SUS DIFERENTES DESTINOS | F4: FORTALECIENDO LA COBERTURA DE SERVICIOS DE AGUA, DRENAJE Y SANEAMIENTO, PROMOVIENDO EL USO RACIONAL DEL VITAL LIQUIDO PARA SU MEJOR APROVECHAMIENTO | G4: OBRAS REALIZADAS | H4: No. DE OBRAS REALIZADAS/No. DE OBRAS PROGRAMADAS) | I4: DESEMPEÑO | J4: MUNICIPAL | K4: TRIMESTRAL | L4: PROGRAMA DE GOBIERNO | M4: REPOSICION DE TUBO DE ALBAÑAL POR TUBO DE PVC | P4: 1 | R4: FOTOGRAFIAS | S4: SAPADM | T4: REZAGO DE RED HIDRAULICO ABATIDO
B5: Actividad 1 | C5: PROYECTO EJECUTIVO PARA CAMBIO DE TUBERIA DE ASBESTO POR PVC HIDRAULICO EN CALLES DE CABECERA MUNICIPAL | D5: DR. MORA, POR UN TERRITORIO ORDENADO Y EN ARMONIA CON EL MEDIO AMBIENTE | E5: LOGRAR UN MANEJO EFICIENTE DEL AGUA PRA GARANTIZAR LA OBERTURA Y CALIDAD DE LOS SERVICIOS DE AGUA POTABLE Y ALCANTARILLADO EN EL MUNICIPIO. | F5: FORTALECIENDO LA COBERTURA DE SERVICIOS DE AGUA, DRENAJE Y SANEAMIENTO, PROMOVIENDO EL USO RACIONAL DEL VITAL LIQUIDO PARA SU MEJOR APROVECHAMIENTO | G5: OBRAS PROGRAMADAS | H5: NUMERO DE PROYECTOS REALIZADOS/NUMERO DE PROYECTOS PROGRAMADOS*100 | I5: DESEMPEÑO | J5: MUNICIPAL | K5: TRIMESTRAL | L5: PROGRAMA DE GOBIERNO | M5: UN PROYECTO EJECUTIVO | P5: 1 | R5: FOTOGRAFIAS | S5: SAPADM
B6: Actividad 1 | C6: REPOSICION DE TUBO HIDRAULICO EN LAS CALLES QUE CUENTA CON TUBO DE ALBAÑAL EN LINEAS DE AGUA POTABLE DE CABECERA MUNICIPAL PARA EFICIENTAR EL SUMINISTRO | D6: DR. MORA, POR UN TERRITORIO ORDENADO Y EN ARMONIA CON EL MEDIO AMBIENTE | E6: LOGRAR UN MANEJO EFICIENTE DEL AGUA PRA GARANTIZAR LA OBERTURA Y CALIDAD DE LOS SERVICIOS DE AGUA POTABLE Y ALCANTARILLADO EN EL MUNICIPIO. | F6: FORTALECIENDO LA COBERTURA DE SERVICIOS DE AGUA, DRENAJE Y SANEAMIENTO, PROMOVIENDO EL USO RACIONAL DEL VITAL LIQUIDO PARA SU MEJOR APROVECHAMIENTO | G6: OBRAS PROGRAMADAS | H6: NUMERO DE OBRAS REALIZADAS/NUMERO DE OBRAS PROGRAMADAS*100 | I6: DESEMPEÑO | J6: MUNICIPAL | K6: TRIMESTRAL | L6: PROGRAMA DE GOBIERNO | M6: REPOSICION DE 400.00 MTS DE TUBO DE ALBAÑAL CEMENTO POR TUBO PVC HIDRAULICO EN CABECERA MUNICIPAL | P6: 1 | R6: FOTOGRAFIAS | S6: SAPADM | T6: SE REALIZO LA REPOSICION DE TUBO DE ALBAÑAL CEMENTO POR TUBO PVC HIDRAULICO EN CABECERA MUNICIPAL
B7: COMPONENTE 2 | C7: IMPLEMENTAR UNA CULTURA Y USO DE AGUA A LOS CIUDADANOS DE CABECERA MPAL. IMPLEMENTADA | D7: DR. MORA, POR UN TERRITORIO ORDENADO Y EN ARMONIA CON EL MEDIO AMBIENTE | E7: PROMOVER LA CULTURA DEL USO SUSTENTABLE DEL AGUA | F7: USO RACIONAL DEL AGUA | G7: IMPLEMENTACION DEL ESPACIO CULTURA Y USO DEL AGUA EN MPIO | H7: TOTAL DE ACTIVIDADES REALIZADAS/TOTAL DE ACTIVIDADES PROGRAMADAS)*100 | I7: DESEMPEÑO | J7: MUNICIPAL | K7: TRIMESTRAL | L7: PROGRAMA DE GOBIERNO | M7: IMPRESIÓN EN RECIBOS DE COBRO ALUSIVOS EN CULTURA Y USO DEL AGUA | P7: 1 | R7: FOTOGRAFIAS Y LISTA DE ASISTENCIA | S7: SAPADM | T7: SE DIO A CONOCER LA IMPORTANCIA DE LA CULTURA Y USO DEL AGUA
B8: ACTIVIDAD 1 | C8: REALIZAR IMPRESIÓNES EN RECIBOS DE COBROS PARA FOMENTAR EL USO Y CULTURA DEL AGUA | D8: DR. MORA, POR UN TERRITORIO ORDENADO Y EN ARMONIA CON EL MEDIO AMBIENTE | E8: PROMOVER LA CULTURA DEL USO SUSTENTABLE DEL AGUA | F8: FORTALECIENDO LA COBERTURA DE SERVICIOS DE AGUA, DRENAJE Y SANEAMIENTO, PROMOVIENDO EL USO RACIONAL DEL VITAL LIQUIDO PARA SU MEJOR APROVECHAMIENTO | G8: 6,000 IMPRESIONES | H8: No. TOTAL DE RECIBOS REALIZADOS/No. TOTAL DE RECIBOS PROGRAMADOS)*100 | I8: DESEMPEÑO | J8: MUNICIPAL | K8: TRIMESTRAL | L8: PROGRAMA DE GOBIERNO | M8: IMPRESIÓN DE 12000 RECIBOS DE COBRO ALUSIVOS EN CULTURA Y USO DEL AGUA | P8: 1 | R8: FOTOGRAFIAS DE RECIBOS . | S8: SAPADM | T8: SE REALIZO LA IMPRESIÓN EN RECIBOS DE COBROS PARA USO Y CULTURA DEL AGUA
B9: ACTIVIDAD 2 | C9: REALIZAR REUNIONES DE CULTURA Y USO DEL AGUA POTABLE | D9: DR. MORA, POR UN TERRITORIO ORDENADO Y EN ARMONIA CON EL MEDIO AMBIENTE | E9: PROMOVER LA CULTURA DEL USO SUSTENTABLE DEL AGUA | F9: FORTALECIENDO LA COBERTURA DE SERVICIOS DE AGUA, DRENAJE Y SANEAMIENTO, PROMOVIENDO EL USO RACIONAL DEL VITAL LIQUIDO PARA SU MEJOR APROVECHAMIENTO | G9: 14 REUNIONES | H9: TOTAL DE REUNIONES REALIZADAS/TOTAL DE REUNIONES PROGRAMADAS)*100 | I9: DESEMPEÑO | J9: MUNICIPAL | K9: TRIMESTRAL | L9: PROGRAMA DE GOBIERNO | M9: 14 REUNIONES | P9: 1 | R9: FOTOGRAFIAS Y LISTA DE ASISTENCIA | S9: SAPADM | T9: POCA PARTICIPACION CIUDADANA
B10: ACTIVIDAD 3 | C10: REALIZAR UN EVENTO DEL DIA MUNDIAL DEL AGUA | D10: DR. MORA, POR UN TERRITORIO ORDENADO Y EN ARMONIA CON EL MEDIO AMBIENTE | E10: PROMOVER LA CULTURA DEL USO SUSTENTABLE DEL AGUA | F10: FORTALECIENDO LA COBERTURA DE SERVICIOS DE AGUA, DRENAJE Y SANEAMIENTO, PROMOVIENDO EL USO RACIONAL DEL VITAL LIQUIDO PARA SU MEJOR APROVECHAMIENTO | G10: UN EVENTO | H10: TOTAL DE EVENTOS REALIZADOS/TOTAL DE EVENTOS PROGRAMADOS)*100 | I10: DESEMPEÑO | J10: MUNICIPAL | K10: TRIMESTRAL | L10: PROGRAMA DE GOBIERNO | M10: UN EVENTO | P10: 1 | R10: FOTOGRAFIAS Y LISTA DE ASISTENCIA | S10: SAPADM | T10: SE REALIZO UN EVENTO DEL DIA MUNDIAL DEL AGUA
B11: Componente 3 | C11: GASTOS ADMINISTRATIVOS PARA LA OPERACIÓN DEL SAPADM UTILIZADOS | D11: DR. MORA, POR UN TERRITORIO ORDENADO Y EN ARMONIA CON EL MEDIO AMBIENTE | E11: GARANTIZAR LA DISPONIBILIDAD Y CALIDAD DEL AGUA DE ACUERDO CON SUS DIFERENTES DESTINOS | F11: FORTALECIENDO LA COBERTURA DE SERVICIOS DE AGUA, DRENAJE Y SANEAMIENTO, PROMOVIENDO EL USO RACIONAL DEL VITAL LIQUIDO PARA SU MEJOR APROVECHAMIENTO | G11: CUMPLIMIENTO DE METAS DEL PROGRAMA DE GOBIERNO MUNICIPAL | H11: CUMPLIMIENTO DE METAS DEL PROGRAMA DE GOBIERNO MUNICIPAL | J11: MUNICIPAL | L11: PROGRAMA DE GOBIERNO | M11: CUMPLIMIENTO DE METAS | P11: 1 | R11: CONTROL PRESUPUESTAL | S11: SAPADM | T11: Capital humano con mejor fluidez de trabajo
C12: UR 1 | AF12: =AF13+AF22+AF35+AF51 -> 1530869.5
B13: Actividad 1.1 | C13: SERVICIOS PERSONALES | D13: DR. MORA, POR UN TERRITORIO ORDENADO Y EN ARMONIA CON EL MEDIO AMBIENTE | E13: GARANTIZAR LA DISPONIBILIDAD Y CALIDAD DEL AGUA DE ACUERDO CON SUS DIFERENTES DESTINOS | F13: FORTALECIENDO LA COBERTURA DE SERVICIOS DE AGUA, DRENAJE Y SANEAMIENTO, PROMOVIENDO EL USO RACIONAL DEL VITAL LIQUIDO PARA SU MEJOR APROVECHAMIENTO | G13: CUMPLIMIENTO DE METAS DEL PROGRAMA DE GOBIERNO MUNICIPAL | H13: NUMEROI DE PROYECTOS REALIZADOS / NUMERO DE PROYECTOS PROGRAMADOS *100 | I13: DESEMPEÑO | J13: MUNICIPAL | K13: TRIMESTRAL | L13: PROGRAMA DE GOBIERNO | M13: CUMPLIMIENTO DE METAS | P13: 1 | R13: CONTROL PRESUPUESTAL | S13: SAPADM | T13: Capital humano con mejor fluidez de trabajo | U13: 2 | V13: 2 | W13: 3 | X13: 6 | Y13: E | Z13: 1 | AA13: 1 | AB13: 4 | AC13: 1000 | AE13: SERVICIOS PERSONALES | AF13: =AF14+AF15+AF16+AF18+AF19+AF20+AF21+AF17 -> 1056942.1 | AN13: =AM13-AM11 -> 0 | AO13: =AM13-AM11 -> 0
B14: 1.1.1 | C14: SUELDOS BASE | I14: DESEMPEÑO | J14: MUNICIPAL | K14: TRIMESTRAL | L14: PROGRAMA DE GOBIERNO | M14: CUMPLIMIENTO DE METAS | P14: 1 | R14: CONTROL PRESUPUESTAL | U14: 2 | V14: 2 | W14: 3 | X14: 6 | Y14: E | Z14: 1 | AA14: 1 | AB14: 4 | AC14: 1131 | AE14: SUELDOS BASE | AF14: 754640.22
B15: 1.1.2 | C15: ANTIGUEDAD | I15: DESEMPEÑO | J15: MUNICIPAL | K15: TRIMESTRAL | L15: PROGRAMA DE GOBIERNO | M15: CUMPLIMIENTO DE METAS | P15: 1 | R15: CONTROL PRESUPUESTAL | U15: 2 | V15: 2 | W15: 3 | X15: 6 | Y15: E | Z15: 1 | AA15: 1 | AB15: 4 | AC15: 1312 | AE15: ANTIGUEDAD | AF15: 24339.5
B16: 1.1.3 | C16: PRIMA VACACIONAL | I16: DESEMPEÑO | J16: MUNICIPAL | K16: TRIMESTRAL | L16: PROGRAMA DE GOBIERNO | M16: CUMPLIMIENTO DE METAS | P16: 1 | R16: CONTROL PRESUPUESTAL | U16: 2 | V16: 2 | W16: 3 | X16: 6 | Y16: E | Z16: 1 | AA16: 1 | AB16: 4 | AC16: 1321 | AE16: PRIMA VACACIONAL | AF16: 62025.22
B17: 1.1.4 | C17: PRIMA DOMINICAL | I17: DESEMPEÑO | J17: MUNICIPAL | K17: TRIMESTRAL | L17: PROGRAMA DE GOBIERNO | M17: CUMPLIMIENTO DE METAS | P17: 1 | R17: CONTROL PRESUPUESTAL | U17: 2 | V17: 2 | W17: 3 | X17: 6 | Y17: E | Z17: 1 | AA17: 1 | AB17: 4 | AC17: 1322 | AE17: PRIMA DOMINICAL | AF17: 5202.52
B18: 1.1.5 | C18: GRATIFICACION DE FIN DE AÑO | I18: DESEMPEÑO | J18: MUNICIPAL | K18: TRIMESTRAL | L18: PROGRAMA DE GOBIERNO | M18: CUMPLIMIENTO DE METAS | P18: 1 | R18: CONTROL PRESUPUESTAL | U18: 2 | V18: 2 | W18: 3 | X18: 6 | Y18: E | Z18: 1 | AA18: 1 | AB18: 4 | AC18: 1323 | AE18: GRATIFICACION DE FIN DE AÑO | AF18: 93037.83
B19: 1.1.6 | C19: REMUNERACION POR HORAS EXTRAORDINARIAS | I19: DESEMPEÑO | J19: MUNICIPAL | K19: TRIMESTRAL | L19: PROGRAMA DE GOBIERNO | M19: CUMPLIMIENTO DE METAS | P19: 1 | R19: CONTROL PRESUPUESTAL | U19: 2 | V19: 2 | W19: 3 | X19: 6 | Y19: E | Z19: 1 | AA19: 1 | AB19: 4 | AC19: 1331 | AE19: REMUNERACION POR HORAS EXTRAORDINARIAS | AF19: 6848.1
B20: 1.1.7 | C20: LIQUIDACIONES POR INDEMNIZACION | I20: DESEMPEÑO | J20: MUNICIPAL | K20: TRIMESTRAL | L20: PROGRAMA DE GOBIERNO | M20: CUMPLIMIENTO DE METAS | P20: 1 | R20: CONTROL PRESUPUESTAL | U20: 2 | V20: 2 | W20: 3 | X20: 6 | Y20: E | Z20: 1 | AA20: 1 | AB20: 4 | AC20: 1522 | AE20: LIQUIDACIONES POR INDEMNIZACION | AF20: 60848.76
B21: 1.1.8 | C21: REEMBOLSO GASTOS MEDICOS | I21: DESEMPEÑO | J21: MUNICIPAL | K21: TRIMESTRAL | L21: PROGRAMA DE GOBIERNO | M21: CUMPLIMIENTO DE METAS | P21: 1 | R21: CONTROL PRESUPUESTAL | U21: 2 | V21: 2 | W21: 3 | X21: 6 | Y21: E | Z21: 1 | AA21: 1 | AB21: 4 | AC21: 1541 | AE21: REEMBOLSO GASTOS MEDICOS | AF21: 50000
B22: Actividad 1.2 | C22: MATERIALES Y SUMINISTROS | I22: DESEMPEÑO | J22: MUNICIPAL | K22: TRIMESTRAL | L22: PROGRAMA DE GOBIERNO | M22: CUMPLIMIENTO DE METAS | P22: 1 | R22: CONTROL PRESUPUESTAL | U22: 2 | V22: 2 | W22: 3 | X22: 6 | Y22: E | Z22: 1 | AA22: 1 | AB22: 4 | AC22: 2000 | AE22: MATERIALES Y SUMINISTROS | AF22: =SUM(AF23:AF34) -> 140505.18
B23: 1.2.1 | C23: MATERIALES Y UTILES DE OFICINA | I23: DESEMPEÑO | J23: MUNICIPAL | K23: TRIMESTRAL | L23: PROGRAMA DE GOBIERNO | M23: CUMPLIMIENTO DE METAS | P23: 1 | R23: CONTROL PRESUPUESTAL | U23: 2 | V23: 2 | W23: 3 | X23: 6 | Y23: E | Z23: 1 | AA23: 1 | AB23: 4 | AC23: 2111 | AE23: MATERIALES, UTILES Y EQUIPOS MENORES DE OFICINA | AF23: 20635.73
B24: 1.2.2 | C24: MATERIALES Y UTILES DE IMPRESIÓN | I24: DESEMPEÑO | J24: MUNICIPAL | K24: TRIMESTRAL | L24: PROGRAMA DE GOBIERNO | M24: CUMPLIMIENTO DE METAS | P24: 1 | R24: CONTROL PRESUPUESTAL | U24: 2 | V24: 2 | W24: 3 | X24: 6 | Y24: E | Z24: 1 | AA24: 1 | AB24: 4 | AC24: 2121 | AE24: MATERIALES Y UTILES DE IMPRESIÓN Y REPRODUCCION | AF24: 2566
B25: 1.2.3 | C25: MATERIALES Y UTILES DE TECNOLOGIA DE LA INFORMACION Y COMUNICACION | I25: DESEMPEÑO | J25: MUNICIPAL | K25: TRIMESTRAL | L25: PROGRAMA DE GOBIERNO | M25: CUMPLIMIENTO DE METAS | P25: 1 | R25: CONTROL PRESUPUESTAL | U25: 2 | V25: 2 | W25: 3 | X25: 6 | Y25: E | Z25: 1 | AA25: 1 | AB25: 4 | AC25: 2141 | AE25: MATERIALES, UTILES Y EQUIPOS MENORES DE LA TECNOLOGIA DE LA INFORMACION Y COMUNICACIONES | AF25: 8163.8
B26: 1.2.4 | C26: MATERIALES, UTILES Y EQUIPOS MENORES DE LA TECNOLOGIA | I26: DESEMPEÑO | J26: MUNICIPAL | K26: TRIMESTRAL | L26: PROGRAMA DE GOBIERNO | M26: CUMPLIMIENTO DE METAS | P26: 1 | R26: CONTROL PRESUPUESTAL | U26: 2 | V26: 2 | W26: 3 | X26: 6 | Y26: E | Z26: 1 | AA26: 1 | AB26: 4 | AC26: 2142 | AE26: MATERIALES, UTILES Y EQUIPOS MENORES DE LA TECNOLOGIA DE LA INFORMACION Y COMUNICACIONES | AF26: 6000
B27: 1.2.5 | C27: MATERIALES DE LIMPIEZA | I27: DESEMPEÑO | J27: MUNICIPAL | K27: TRIMESTRAL | L27: PROGRAMA DE GOBIERNO | M27: CUMPLIMIENTO DE METAS | P27: 1 | R27: CONTROL PRESUPUESTAL | U27: 2 | V27: 2 | W27: 3 | X27: 6 | Y27: E | Z27: 1 | AA27: 1 | AB27: 4 | AC27: 2161 | AE27: MATERIALES DE LIMPIEZA | AF27: 4323.7
B28: 1.2.6 | C28: PRODUCTOS ALIMENTICIOS PARA EL PERSONAL | I28: DESEMPEÑO | J28: MUNICIPAL | K28: TRIMESTRAL | L28: PROGRAMA DE GOBIERNO | M28: CUMPLIMIENTO DE METAS | P28: 1 | R28: CONTROL PRESUPUESTAL | U28: 2 | V28: 2 | W28: 3 | X28: 6 | Y28: E | Z28: 1 | AA28: 1 | AB28: 4 | AC28: 2212 | AE28: PRODUCTOS ALIMENTICIOS PARA EL PERSONAL | AF28: 10612
B29: 1.2.7 | C29: OTROS MATERIALES Y ART. DE CONSTRUCCION Y REPARACION | I29: DESEMPEÑO | J29: MUNICIPAL | K29: TRIMESTRAL | L29: PROGRAMA DE GOBIERNO | M29: CUMPLIMIENTO DE METAS | P29: 1 | R29: CONTROL PRESUPUESTAL | Y29: E | Z29: 1 | AA29: 1 | AB29: 4 | AC29: 2491-1 | AE29: OTROS MATERIALES Y ART. DE CONSTRUCCION Y REPARACION | AF29: 7000
B30: 1.2.8 | C30: COMBUSTIBLES, LUBRICANTES Y ADHITIVOS | I30: DESEMPEÑO | J30: MUNICIPAL | K30: TRIMESTRAL | L30: PROGRAMA DE GOBIERNO | M30: CUMPLIMIENTO DE METAS | P30: 1 | R30: CONTROL PRESUPUESTAL | U30: 2 | V30: 2 | W30: 3 | X30: 6 | Y30: E | Z30: 1 | AA30: 1 | AB30: 4 | AC30: 2612 | AE30: COMBUSTIBLES, LUBRICANTES Y ADHITIVOS | AF30: 29873.47
B31: 1.2.9 | C31: VESTUARIOS Y UNIFORMES | I31: DESEMPEÑO | J31: MUNICIPAL | K31: TRIMESTRAL | L31: PROGRAMA DE GOBIERNO | M31: CUMPLIMIENTO DE METAS | P31: 1 | R31: CONTROL PRESUPUESTAL | U31: 2 | V31: 2 | W31: 3 | X31: 6 | Y31: E | Z31: 1 | AA31: 1 | AB31: 4 | AC31: 2711 | AE31: VESTUARIOS Y UNIFORMES | AF31: 25000
B32: 1.2.10 | C32: REFACCIONES Y ACCESORIOS MENOR DE EQUIPO DE COMPUTO | I32: DESEMPEÑO | J32: MUNICIPAL | K32: TRIMESTRAL | L32: PROGRAMA DE GOBIERNO | M32: CUMPLIMIENTO DE METAS | P32: 1 | R32: CONTROL PRESUPUESTAL | U32: 2 | V32: 2 | W32: 3 | X32: 6 | Y32: E | Z32: 1 | AA32: 1 | AB32: 4 | AC32: 2911 | AE32: HERRAMIENTAS MENORES | AF32: 2000
B33: 1.2.11 | C33: REFACCIONES Y ACCESORIOS MENORES DE EQUIPO DE TRANSPORTE | I33: DESEMPEÑO | J33: MUNICIPAL | K33: TRIMESTRAL | L33: PROGRAMA DE GOBIERNO | M33: CUMPLIMIENTO DE METAS | P33: 1 | R33: CONTROL PRESUPUESTAL | U33: 2 | V33: 2 | W33: 3 | X33: 6 | Y33: E | Z33: 1 | AA33: 1 | AB33: 4 | AC33: 2941 | AE33: REFACCIONES Y ACCESORIOS MENOR DE EQUIPO DE COMPUTO | AF33: 9330.48
B34: 1.2.12 | C34: REFACCIONES Y ACCESORIOS MENORES DE EQUIPO DE TRANSPORTE | I34: DESEMPEÑO | J34: MUNICIPAL | K34: TRIMESTRAL | L34: PROGRAMA DE GOBIERNO | M34: CUMPLIMIENTO DE METAS | P34: 1 | R34: CONTROL PRESUPUESTAL | U34: 2 | V34: 2 | W34: 3 | X34: 6 | Y34: E | Z34: 1 | AA34: 1 | AB34: 4 | AC34: 2961 | AE34: REFACCIONES Y ACCESORIOS MENORES DE EQUIPO DE TRANSPORTE | AF34: 15000
B35: ACTIVIDAD 1.3 | C35: SERVICIOS GENERALES | I35: DESEMPEÑO | J35: MUNICIPAL | K35: TRIMESTRAL | L35: PROGRAMA DE GOBIERNO | M35: CUMPLIMIENTO DE METAS | P35: 1 | R35: CONTROL PRESUPUESTAL | U35: 2 | V35: 2 | W35: 3 | X35: 6 | Y35: E | Z35: 1 | AA35: 1 | AB35: 4 | AC35: 3000 | AE35: SERVICIOS GENERALES | AF35: =SUM(AF36:AF50) -> 310862.85
B36: 1.3.1 | C36: TELEFONICO CELULAR | I36: DESEMPEÑO | J36: MUNICIPAL | K36: TRIMESTRAL | L36: PROGRAMA DE GOBIERNO | M36: CUMPLIMIENTO DE METAS | P36: 1 | R36: CONTROL PRESUPUESTAL | U36: 2 | V36: 2 | W36: 3 | X36: 6 | Y36: E | Z36: 1 | AA36: 1 | AB36: 4 | AC36: 3151 | AE36: TELEFONICO CELULAR | AF36: 7500
B37: 1.3.2 | C37: SERVICIOS CONTABLES | I37: DESEMPEÑO | J37: MUNICIPAL | K37: TRIMESTRAL | L37: PROGRAMA DE GOBIERNO | M37: CUMPLIMIENTO DE METAS | P37: 1 | R37: CONTROL PRESUPUESTAL | AC37: 3171 | AE37: SERVICIOS DE ACCESO A INTERNET | AF37: 6000
B38: 1.3.3 | C38: SERVICIOS DE CONSULTORIA ADMINISTRATIVA, PROCESOS, TECNICA Y EN TECNOLOGIAS DE LA INFORMACION (MODIFICACIONES DE LOS SISTEMAS) | I38: DESEMPEÑO | J38: MUNICIPAL | K38: TRIMESTRAL | L38: PROGRAMA DE GOBIERNO | M38: CUMPLIMIENTO DE METAS | P38: 1 | R38: CONTROL PRESUPUESTAL | U38: 2 | V38: 2 | W38: 3 | X38: 6 | Y38: E | Z38: 1 | AA38: 1 | AB38: 4 | AC38: 3311 | AE38: SERVICIOS CONTABLES | AF38: 145333.2
B39: 1.3.4 | C39: SEGUROS DE BIENES PATRIMONIALES | I39: DESEMPEÑO | J39: MUNICIPAL | K39: TRIMESTRAL | L39: PROGRAMA DE GOBIERNO | M39: CUMPLIMIENTO DE METAS | P39: 1 | R39: CONTROL PRESUPUESTAL | U39: 2 | V39: 2 | W39: 3 | X39: 6 | Y39: E | Z39: 1 | AA39: 1 | AB39: 4 | AC39: 3331 | AE39: SERVICIOS LEGALES, DE CONTABILIDAD, AUDITORIA Y RELACIONADOS | AF39: 38824.9
B40: 1.3.5 | C40: SERVICIOS FINANCIEROS, BANCARI | I40: DESEMPEÑO | J40: MUNICIPAL | K40: TRIMESTRAL | L40: PROGRAMA DE GOBIERNO | M40: CUMPLIMIENTO DE METAS | P40: 1 | R40: CONTROL PRESUPUESTAL | Y40: E | Z40: 1 | AA40: 1 | AB40: 4 | AC40: 3451 | AE40: SEGURO DE BIENES PATRIMONIALES | AF40: 4203.2
B41: 1.3.6 | C41: INSTALACION, REPARACION Y MTTO DE EQUIPO DE COMPUTO Y TECNOLOGIA DE LA INFORMACION | I41: DESEMPEÑO | J41: MUNICIPAL | K41: TRIMESTRAL | L41: PROGRAMA DE GOBIERNO | M41: CUMPLIMIENTO DE METAS | P41: 1 | R41: CONTROL PRESUPUESTAL | U41: 2 | V41: 2 | W41: 3 | X41: 6 | Y41: E | Z41: 1 | AA41: 1 | AB41: 4 | AC41: 3491 | AE41: SERVICIOS FINANCIEROS, BANCARI | AF41: 8291.3
B42: 1.3.7 | C42: REPARACION Y MANTENIMIENTO DE EQUIPO DE TRANSPORTE | I42: DESEMPEÑO | J42: MUNICIPAL | K42: TRIMESTRAL | L42: PROGRAMA DE GOBIERNO | M42: CUMPLIMIENTO DE METAS | P42: 1 | R42: CONTROL PRESUPUESTAL | AC42: 3511 | AE42: CONSERVACION Y MANTENIMIENTO DE INMUEBLE | AF42: 4500
B43: 1.3.8 | C43: SERVICIOS DE INTALACION Y REPARACION Y MANTENIMIENTO DE MAQUINARIA Y OTROS EQUIPOS | I43: DESEMPEÑO | J43: MUNICIPAL | K43: TRIMESTRAL | L43: PROGRAMA DE GOBIERNO | M43: CUMPLIMIENTO DE METAS | P43: 1 | R43: CONTROL PRESUPUESTAL | U43: 2 | V43: 2 | W43: 3 | X43: 6 | Y43: E | Z43: 1 | AA43: 1 | AB43: 4 | AC43: 3531 | AE43: INSTALACION, REPARACION Y MTTO DE EQUIPO DE COMPUTO Y TECNOLOGIA DE LA INFORMACION | AF43: 7500
B44: 1.3.9 | C44: VIATICOS NACIONALES | I44: DESEMPEÑO | J44: MUNICIPAL | K44: TRIMESTRAL | L44: PROGRAMA DE GOBIERNO | M44: CUMPLIMIENTO DE METAS | P44: 1 | R44: CONTROL PRESUPUESTAL | U44: 2 | V44: 2 | W44: 3 | X44: 6 | Y44: E | Z44: 1 | AA44: 1 | AB44: 4 | AC44: 3551 | AE44: REPARACION Y MANTENIMIENTO DE EQUIPO DE TRANSPORTE | AF44: 17499.68
B45: 1.3.10 | C45: GASTOS DE ORDEN SOCIAL Y CULTURA (EVENTO DE CULTURA Y USO DEL AGUA) | I45: DESEMPEÑO | J45: MUNICIPAL | K45: TRIMESTRAL | L45: PROGRAMA DE GOBIERNO | M45: CUMPLIMIENTO DE METAS | P45: 1 | R45: CONTROL PRESUPUESTAL | U45: 2 | V45: 2 | W45: 3 | X45: 6 | Y45: E | Z45: 1 | AA45: 1 | AB45: 4 | AC45: 3571 | AE45: SERVICIO DE INSTALACION | AF45: 3740
B46: 1.3.11 | C46: GASTOS DE REPRESENTACION (REUNIONES DE CONSEJO) | I46: DESEMPEÑO | J46: MUNICIPAL | K46: TRIMESTRAL | L46: PROGRAMA DE GOBIERNO | M46: CUMPLIMIENTO DE METAS | P46: 1 | R46: CONTROL PRESUPUESTAL | U46: 2 | V46: 2 | W46: 3 | X46: 6 | Y46: E | Z46: 1 | AA46: 1 | AB46: 4 | AC46: 3751 | AE46: VIATICOS NACIONALES | AF46: 6500
B47: 1.3.12 | C47: IMPUESTOS Y DERECHOS | I47: DESEMPEÑO | J47: MUNICIPAL | K47: TRIMESTRAL | L47: PROGRAMA DE GOBIERNO | M47: CUMPLIMIENTO DE METAS | P47: 1 | R47: CONTROL PRESUPUESTAL | U47: 2 | V47: 2 | W47: 3 | X47: 6 | Y47: E | Z47: 1 | AA47: 1 | AB47: 4 | AC47: 3821 | AE47: GASTOS DE ORDEN SOCIAL Y CULTURAL | AF47: 20000
B48: 1.3.13 | C48: IMPUESTO SOBRE NOMINAS | I48: DESEMPEÑO | J48: MUNICIPAL | K48: TRIMESTRAL | L48: PROGRAMA DE GOBIERNO | M48: CUMPLIMIENTO DE METAS | P48: 1 | R48: CONTROL PRESUPUESTAL | U48: 2 | V48: 2 | W48: 3 | X48: 6 | Y48: E | Z48: 1 | AA48: 1 | AB48: 4 | AC48: 3852 | AE48: GASTOS DE REPRESENTACION | AF48: 4733.4
B49: 1.3.14 | C49: IMPUESTOS Y DERECHOS | I49: DESEMPEÑO | J49: MUNICIPAL | K49: TRIMESTRAL | L49: PROGRAMA DE GOBIERNO | M49: CUMPLIMIENTO DE METAS | P49: 1 | R49: CONTROL PRESUPUESTAL | U49: 2 | V49: 2 | W49: 3 | X49: 6 | Y49: E | Z49: 1 | AA49: 1 | AB49: 4 | AC49: 3921 | AE49: IMPUESTOS Y DERECHOS | AF49: 7500
B50: 1.3.15 | C50: IMPUESTO SOBRE NOMINA | I50: DESEMPEÑO | J50: MUNICIPAL | K50: TRIMESTRAL | L50: PROGRAMA DE GOBIERNO | M50: CUMPLIMIENTO DE METAS | P50: 1 | R50: CONTROL PRESUPUESTAL | U50: 2 | V50: 2 | W50: 3 | X50: 6 | Y50: E | Z50: 1 | AA50: 1 | AB50: 4 | AC50: 3981 | AE50: IMPUESTO SOBRE NOMINA | AF50: 28737.17
B51: ACTIVIDAD 1.4 | C51: BIENES MUEBLES, INMUEBLES E INTANGIBLES | I51: DESEMPEÑO | J51: MUNICIPAL | K51: TRIMESTRAL | L51: PROGRAMA DE GOBIERNO | M51: CUMPLIMIENTO DE METAS | P51: 1 | R51: CONTROL PRESUPUESTAL | U51: 2 | V51: 2 | W51: 3 | X51: 6 | Y51: E | Z51: 1 | AA51: 1 | AB51: 4 | AC51: 5000 | AE51: BIENES MUEBLES, INMUEBLES E INTANGIBLES | AF51: =SUM(AF52:AF53) -> 22559.3
B52: 1.4.1 | C52: MUEBLES DE OFICINA Y ESTANTERIA | I52: DESEMPEÑO | J52: MUNICIPAL | K52: TRIMESTRAL | L52: PROGRAMA DE GOBIERNO | M52: CUMPLIMIENTO DE METAS | P52: 1 | R52: CONTROL PRESUPUESTAL | U52: 2 | V52: 2 | W52: 3 | X52: 6 | Y52: E | Z52: 1 | AA52: 1 | AB52: 4 | AC52: 5111 | AE52: MUEBLES DE OFICINA Y ESTANTERIA | AF52: 7559.3
B53: 1.4.2 | C53: EQUIPOS DE COMPUTO Y DE TECNOLOGIA DE LA INFORMACION | I53: DESEMPEÑO | J53: MUNICIPAL | K53: TRIMESTRAL | L53: PROGRAMA DE GOBIERNO | M53: CUMPLIMIENTO DE METAS | P53: 1 | R53: CONTROL PRESUPUESTAL | U53: 2 | V53: 2 | W53: 3 | X53: 6 | Y53: E | Z53: 1 | AA53: 1 | AB53: 4 | AC53: 5151 | AE53: EQUIPOS DE COMPUTO Y DE TECNOLOGIA DE LA INFORMACION | AF53: 15000
B54: UR 2 | AF54: =AF55+AF65+AF81+AF93 -> 4446872.1
B55: ACTIVIDAD 2.1 | C55: SERVICIOS PERSONALES | I55: DESEMPEÑO | J55: MUNICIPAL | K55: TRIMESTRAL | L55: PROGRAMA DE GOBIERNO | M55: CUMPLIMIENTO DE METAS | P55: 1 | R55: CONTROL PRESUPUESTAL | U55: 2 | V55: 2 | W55: 3 | X55: 6 | Y55: E | Z55: 1 | AA55: 2 | AB55: 4 | AC55: 1000 | AE55: SERVICIOS PERSONALES | AF55: =SUM(AF56:AF64) -> 871533.13
B56: 2.1.1 | C56: SUELDOS BASE | I56: DESEMPEÑO | J56: MUNICIPAL | K56: TRIMESTRAL | L56: PROGRAMA DE GOBIERNO | M56: CUMPLIMIENTO DE METAS | P56: 1 | R56: CONTROL PRESUPUESTAL | U56: 2 | V56: 2 | W56: 3 | X56: 6 | Y56: E | Z56: 1 | AA56: 2 | AB56: 4 | AC56: 1131-00 | AE56: SUELDOS BASE | AF56: 642372.33
B57: 2.1.2 | C57: REMUNERACION PARA EVENTUALES | I57: DESEMPEÑO | J57: MUNICIPAL | K57: TRIMESTRAL | L57: PROGRAMA DE GOBIERNO | M57: CUMPLIMIENTO DE METAS | P57: 1 | R57: CONTROL PRESUPUESTAL | U57: 2 | V57: 2 | W57: 3 | X57: 6 | Y57: E | Z57: 1 | AA57: 2 | AB57: 4 | AC57: 1221 | AE57: REMUNERACION PARA EVENTUALES | AF57: 10400
B58: 2.1.3 | C58: ANTIGUEDAD | I58: DESEMPEÑO | J58: MUNICIPAL | K58: TRIMESTRAL | L58: PROGRAMA DE GOBIERNO | M58: CUMPLIMIENTO DE METAS | P58: 1 | R58: CONTROL PRESUPUESTAL | U58: 2 | V58: 2 | W58: 3 | X58: 6 | Y58: E | Z58: 1 | AA58: 2 | AB58: 4 | AC58: 1312 | AE58: ANTIGUEDAD
B59: 2.1.4 | C59: PRIMA VACACIONAL | I59: DESEMPEÑO | J59: MUNICIPAL | K59: TRIMESTRAL | L59: PROGRAMA DE GOBIERNO | M59: CUMPLIMIENTO DE METAS | P59: 1 | R59: CONTROL PRESUPUESTAL | U59: 2 | V59: 2 | W59: 3 | X59: 6 | Y59: E | Z59: 1 | AA59: 2 | AB59: 4 | AC59: 1321 | AE59: PRIMA VACACIONAL | AF59: 52797.73
B60: 2.1.5 | C60: PRIMA DOMINICAL | I60: DESEMPEÑO | J60: MUNICIPAL | K60: TRIMESTRAL | L60: PROGRAMA DE GOBIERNO | M60: CUMPLIMIENTO DE METAS | P60: 1 | R60: CONTROL PRESUPUESTAL | U60: 2 | V60: 2 | W60: 3 | X60: 6 | Y60: E | Z60: 1 | AA60: 2 | AB60: 4 | AC60: 1322 | AE60: PRIMA DOMINICAL | AF60: 6766.48
B61: 2.1.6 | C61: GRATIFICACION DE FIN DE AÑO | I61: DESEMPEÑO | J61: MUNICIPAL | K61: TRIMESTRAL | L61: PROGRAMA DE GOBIERNO | M61: CUMPLIMIENTO DE METAS | P61: 1 | R61: CONTROL PRESUPUESTAL | U61: 2 | V61: 2 | W61: 3 | X61: 6 | Y61: E | Z61: 1 | AA61: 2 | AB61: 4 | AC61: 1323 | AE61: GRATIFICACION DE FIN DE AÑO | AF61: 79196.59
B62: 2.1.7 | C62: REMUNERACION POR HORAS EXTRAOR | I62: DESEMPEÑO | J62: MUNICIPAL | K62: TRIMESTRAL | L62: PROGRAMA DE GOBIERNO | M62: CUMPLIMIENTO DE METAS | P62: 1 | R62: CONTROL PRESUPUESTAL | U62: 2 | V62: 2 | W62: 3 | X62: 6 | Y62: E | Z62: 1 | AA62: 2 | AB62: 4 | AC62: 1331 | AE62: REMUNERACION POR HORAS EXTRAOR | AF62: 20000
B63: 2.1.8 | C63: LIQUIDACIONES POR INDEMNIZACIO | I63: DESEMPEÑO | J63: MUNICIPAL | K63: TRIMESTRAL | L63: PROGRAMA DE GOBIERNO | M63: CUMPLIMIENTO DE METAS | P63: 1 | R63: CONTROL PRESUPUESTAL | U63: 2 | V63: 2 | W63: 3 | X63: 6 | Y63: E | Z63: 1 | AA63: 2 | AB63: 4 | AC63: 1522 | AE63: LIQUIDACIONES POR INDEMNIZACIO
B64: 2.1.9 | C64: REEMBOLSO GASTOS MEDICOS | I64: DESEMPEÑO | J64: MUNICIPAL | K64: TRIMESTRAL | L64: PROGRAMA DE GOBIERNO | M64: CUMPLIMIENTO DE METAS | P64: 1 | R64: CONTROL PRESUPUESTAL | U64: 2 | V64: 2 | W64: 3 | X64: 6 | Y64: E | Z64: 1 | AA64: 2 | AB64: 4 | AC64: 1541 | AE64: REEMBOLSO GASTOS MEDICOS | AF64: 60000
B65: ACTIVIDAD 2.2 | C65: MATERIALES Y SUMINISTROS | I65: DESEMPEÑO | J65: MUNICIPAL | K65: TRIMESTRAL | L65: PROGRAMA DE GOBIERNO | M65: CUMPLIMIENTO DE METAS | P65: 1 | R65: CONTROL PRESUPUESTAL | U65: 2 | V65: 2 | W65: 3 | X65: 6 | Y65: E | Z65: 1 | AA65: 2 | AB65: 4 | AC65: 2000 | AE65: MATERIALES Y SUMINISTROS | AF65: =AF66+AF67+AF68+AF69+AF70+AF71+AF72+AF73+AF74+AF75+AF76+AF77+AF78+AF79+AF80 -> 450251.98
B66: 2.2.1 | C66: PRODUCTOS ALIMENTICIOS PARA EL PERSONAL | I66: DESEMPEÑO | J66: MUNICIPAL | K66: TRIMESTRAL | L66: PROGRAMA DE GOBIERNO | M66: CUMPLIMIENTO DE METAS | P66: 1 | R66: CONTROL PRESUPUESTAL | U66: 2 | V66: 2 | W66: 3 | X66: 6 | Y66: E | Z66: 1 | AA66: 2 | AB66: 4 | AC66: 2212 | AE66: PRODUCTOS ALIMENTICIOS PARA EL PERSONAL | AF66: 8320
B67: 2.2.2 | C67: MATERIALES DE CONSTRUCCION DE CONCRETO | I67: DESEMPEÑO | J67: MUNICIPAL | K67: TRIMESTRAL | L67: PROGRAMA DE GOBIERNO | M67: CUMPLIMIENTO DE METAS | P67: 1 | R67: CONTROL PRESUPUESTAL | U67: 2 | V67: 2 | W67: 3 | X67: 6 | Y67: E | Z67: 1 | AA67: 2 | AB67: 4 | AC67: 2421 | AE67: MATERIALES DE CONSTRUCCION DE CONCRETO | AF67: 19400
B68: 2.2.3 | C68: OTROS MATERIALES Y ARTICULOS DE CONSTRUCCION Y REPARACION | I68: DESEMPEÑO | J68: MUNICIPAL | K68: TRIMESTRAL | L68: PROGRAMA DE GOBIERNO | M68: CUMPLIMIENTO DE METAS | P68: 1 | R68: CONTROL PRESUPUESTAL | U68: 2 | V68: 2 | W68: 3 | X68: 6 | Y68: E | Z68: 1 | AA68: 2 | AB68: 4 | AC68: 2491-01 | AE68: MATERIALES DE REPARACION DE FUGAS DE DRENAJE | AF68: 20080
B69: 2.2.4 | C69: MATERIALES DE REPARACION DE FUGAS DE DRENAJE | I69: DESEMPEÑO | J69: MUNICIPAL | K69: TRIMESTRAL | L69: PROGRAMA DE GOBIERNO | M69: CUMPLIMIENTO DE METAS | P69: 1 | R69: CONTROL PRESUPUESTAL | U69: 2 | V69: 2 | W69: 3 | X69: 6 | Y69: E | Z69: 1 | AA69: 2 | AB69: 4 | AC69: 2491-02 | AE69: MATERIAL DE REPARACION DE FUGAS DE AGUA | AF69: 67681.98
B70: 2.2.5 | C70: MATERIAL DE REPARACION DE FUGAS DE AGUA | I70: DESEMPEÑO | J70: MUNICIPAL | K70: TRIMESTRAL | L70: PROGRAMA DE GOBIERNO | M70: CUMPLIMIENTO DE METAS | P70: 1 | R70: CONTROL PRESUPUESTAL | U70: 2 | V70: 2 | W70: 3 | X70: 6 | Y70: E | Z70: 1 | AA70: 2 | AB70: 4 | AC70: 2491-03 | AE70: MATERIALES DE INSTALACION DE TOMAS DE AGUA | AF70: 59000
B71: 2.2.6 | C71: MATERIALES DE INSTALACION DE TOMAS DE AGUA | I71: DESEMPEÑO | J71: MUNICIPAL | K71: TRIMESTRAL | L71: PROGRAMA DE GOBIERNO | M71: CUMPLIMIENTO DE METAS | P71: 1 | R71: CONTROL PRESUPUESTAL | U71: 2 | V71: 2 | W71: 3 | X71: 6 | Y71: E | Z71: 1 | AA71: 2 | AB71: 4 | AC71: 2491-04 | AE71: MATERIALES DE INSTALACION DE TOMA DE DRENAJE | AF71: 14160
B72: 2.2.7 | C72: MATERIALES DE INSTALACION DE TOMA DE DRENAJE | I72: DESEMPEÑO | J72: MUNICIPAL | K72: TRIMESTRAL | L72: PROGRAMA DE GOBIERNO | M72: CUMPLIMIENTO DE METAS | P72: 1 | R72: CONTROL PRESUPUESTAL | U72: 2 | V72: 2 | W72: 3 | X72: 6 | Y72: E | Z72: 1 | AA72: 2 | AB72: 4 | AC72: 2491-05 | AE72: MATERIALES DE MANTENIMIENTO DE REDES | AF72: 30000
B73: 2.2.8 | C73: MATERIALES DE MANTENIMIENTO DE REDES | I73: DESEMPEÑO | J73: MUNICIPAL | K73: TRIMESTRAL | L73: PROGRAMA DE GOBIERNO | M73: CUMPLIMIENTO DE METAS | P73: 1 | R73: CONTROL PRESUPUESTAL | U73: 2 | V73: 2 | W73: 3 | X73: 6 | Y73: E | Z73: 1 | AA73: 2 | AB73: 4 | AC73: 2491-06 | AE73: OTROS MATERIALES Y ARTICULOS | AF73: 50000
B74: 2.2.9 | C74: PRODUCTOS QUIMICOS BASICOS (CLORO) | I74: DESEMPEÑO | J74: MUNICIPAL | K74: TRIMESTRAL | L74: PROGRAMA DE GOBIERNO | M74: CUMPLIMIENTO DE METAS | P74: 1 | R74: CONTROL PRESUPUESTAL | U74: 2 | V74: 2 | W74: 3 | X74: 6 | Y74: E | Z74: 1 | AA74: 2 | AB74: 4 | AC74: 2511 | AE74: PRODUCTOS QUIMICOS BASICOS | AF74: 44410
B75: 2.2.10 | C75: COMBUSTIBLES, LUBRICANTES Y ADITIVOS | I75: DESEMPEÑO | J75: MUNICIPAL | K75: TRIMESTRAL | L75: PROGRAMA DE GOBIERNO | M75: CUMPLIMIENTO DE METAS | P75: 1 | R75: CONTROL PRESUPUESTAL | U75: 2 | V75: 2 | W75: 3 | X75: 6 | Y75: E | Z75: 1 | AA75: 2 | AB75: 4 | AC75: 2612 | AE75: COMBUSTIBLES, LUBRICANTES Y ADITIVOS | AF75: 65000
B76: 2.2.11 | C76: VESTUARIOS Y UNIFORMES | I76: DESEMPEÑO | J76: MUNICIPAL | K76: TRIMESTRAL | L76: PROGRAMA DE GOBIERNO | M76: CUMPLIMIENTO DE METAS | P76: 1 | R76: CONTROL PRESUPUESTAL | U76: 2 | V76: 2 | W76: 3 | X76: 6 | Y76: E | Z76: 1 | AA76: 2 | AB76: 4 | AC76: 2711 | AE76: VESTUARIOS Y UNIFORMES | AF76: 30000
B77: 2.2.12 | C77: PRENDAS DE PROTECCION PERSONAL | I77: DESEMPEÑO | J77: MUNICIPAL | K77: TRIMESTRAL | L77: PROGRAMA DE GOBIERNO | M77: CUMPLIMIENTO DE METAS | P77: 1 | R77: CONTROL PRESUPUESTAL | U77: 2 | V77: 2 | W77: 3 | X77: 6 | Y77: E | Z77: 1 | AA77: 2 | AB77: 4 | AC77: 2722 | AE77: PRENDAS DE PROTECCION PERSONAL | AF77: 5080
B78: 2.2.13 | C78: HERRAMIENTAS MENORES | I78: DESEMPEÑO | J78: MUNICIPAL | K78: TRIMESTRAL | L78: PROGRAMA DE GOBIERNO | M78: CUMPLIMIENTO DE METAS | P78: 1 | R78: CONTROL PRESUPUESTAL | U78: 2 | V78: 2 | W78: 3 | X78: 6 | Y78: E | Z78: 1 | AA78: 2 | AB78: 4 | AC78: 2911 | AE78: HERRAMIENTAS MENORES | AF78: 3500
B79: 2.2.14 | C79: REFACCIONES Y ACCESORIOS MENORES DE EQUIPO DE TRANSPORTE | I79: DESEMPEÑO | J79: MUNICIPAL | K79: TRIMESTRAL | L79: PROGRAMA DE GOBIERNO | M79: CUMPLIMIENTO DE METAS | P79: 1 | R79: CONTROL PRESUPUESTAL | U79: 2 | V79: 2 | W79: 3 | X79: 6 | Y79: E | Z79: 1 | AA79: 2 | AB79: 4 | AC79: 2961 | AE79: REFACCIONES Y ACCESORIOS MENORES DE EQUIPO DE TRANSPORTE | AF79: 12500
B80: 2.2.15 | C80: REFACCIONES Y ACCESORIOS MENORES DE MAQUINARIA Y OTROS EQUIPOS | I80: DESEMPEÑO | J80: MUNICIPAL | K80: TRIMESTRAL | L80: PROGRAMA DE GOBIERNO | M80: CUMPLIMIENTO DE METAS | P80: 1 | R80: CONTROL PRESUPUESTAL | U80: 2 | V80: 2 | W80: 3 | X80: 6 | Y80: E | Z80: 1 | AA80: 2 | AB80: 4 | AC80: 2981 | AE80: REFACCIONES Y ACCESORIOS MENORES DE MAQUINARIA Y OTROS EQUIPOS | AF80: 21120
B81: ACTIVIDADES 2.3 | C81: SERVICIOS GENERALES | I81: DESEMPEÑO | J81: MUNICIPAL | K81: TRIMESTRAL | L81: PROGRAMA DE GOBIERNO | M81: CUMPLIMIENTO DE METAS | P81: 1 | R81: CONTROL PRESUPUESTAL | U81: 2 | V81: 2 | W81: 3 | X81: 6 | Y81: E | Z81: 1 | AA81: 2 | AB81: 4 | AC81: 3000 | AE81: SERVICIOS GENERALES | AF81: =SUM(AF82:AF92) -> 2875087
B82: 2.3.1 | C82: ENERGIA ELECTRICA | I82: DESEMPEÑO | J82: MUNICIPAL | K82: TRIMESTRAL | L82: PROGRAMA DE GOBIERNO | M82: CUMPLIMIENTO DE METAS | P82: 1 | R82: CONTROL PRESUPUESTAL | U82: 2 | V82: 2 | W82: 3 | X82: 6 | Y82: E | Z82: 1 | AA82: 2 | AB82: 4 | AC82: 3111 | AE82: ENERGIA ELECTRICA | AF82: 2548783.1
B83: 2.3.2 | C83: TELEFONICO CELULAR | I83: DESEMPEÑO | J83: MUNICIPAL | K83: TRIMESTRAL | L83: PROGRAMA DE GOBIERNO | M83: CUMPLIMIENTO DE METAS | P83: 1 | R83: CONTROL PRESUPUESTAL | U83: 2 | V83: 2 | W83: 3 | X83: 6 | Y83: E | Z83: 1 | AA83: 2 | AB83: 4 | AC83: 3151 | AE83: TELEFONICO CELULAR | AF83: 13000
B84: 2.3.3 | C84: SERVICIOS DE CAPACITACION | I84: DESEMPEÑO | J84: MUNICIPAL | K84: TRIMESTRAL | L84: PROGRAMA DE GOBIERNO | M84: CUMPLIMIENTO DE METAS | P84: 1 | R84: CONTROL PRESUPUESTAL | U84: 2 | V84: 2 | W84: 3 | X84: 6 | Y84: E | Z84: 1 | AA84: 2 | AB84: 4 | AC84: 3341 | AE84: SERVICIOS DE CAPACITACION | AF84: 2196.8
B85: 2.3.4 | C85: SERVICIOS PROFESIONALES, CIENTIFICOS (ANALISIS AL AGUA) | I85: DESEMPEÑO | J85: MUNICIPAL | K85: TRIMESTRAL | L85: PROGRAMA DE GOBIERNO | M85: CUMPLIMIENTO DE METAS | P85: 1 | R85: CONTROL PRESUPUESTAL | U85: 2 | V85: 2 | W85: 3 | X85: 6 | Y85: E | Z85: 1 | AA85: 2 | AB85: 4 | AC85: 3391 | AE85: SERVICIOS PROFESIONALES, CIENT | AF85: 37695.9
B86: 2.3.5 | C86: FLETES Y MANIOBRAS | I86: DESEMPEÑO | J86: MUNICIPAL | K86: TRIMESTRAL | L86: PROGRAMA DE GOBIERNO | M86: CUMPLIMIENTO DE METAS | P86: 1 | R86: CONTROL PRESUPUESTAL | U86: 2 | V86: 2 | W86: 3 | X86: 6 | Y86: E | Z86: 1 | AA86: 2 | AB86: 4 | AC86: 3471 | AE86: FLETES Y MANIOBRAS | AF86: 61304.46
B87: 2.3.6 | C87: REPARACION Y MANTENIMIENTO DE EQUIPO DE TRANSPORTE | I87: DESEMPEÑO | J87: MUNICIPAL | K87: TRIMESTRAL | L87: PROGRAMA DE GOBIERNO | M87: CUMPLIMIENTO DE METAS | P87: 1 | R87: CONTROL PRESUPUESTAL | U87: 2 | V87: 2 | W87: 3 | X87: 6 | Y87: E | Z87: 1 | AA87: 2 | AB87: 4 | AC87: 3511 | AE87: CONSERVACION Y MANTENIMIENTO DE INMUEBLE | AF87: 3500
B88: 2.3.7 | C88: INSTALACION, REPARACION Y MANTENIMIENTO DE MAQUINARIA, OTROS EQUIPOS Y HERRAMIENTA | I88: DESEMPEÑO | J88: MUNICIPAL | K88: TRIMESTRAL | L88: PROGRAMA DE GOBIERNO | M88: CUMPLIMIENTO DE METAS | P88: 1 | R88: CONTROL PRESUPUESTAL | U88: 2 | V88: 2 | W88: 3 | X88: 6 | Y88: E | Z88: 1 | AA88: 2 | AB88: 4 | AC88: 3551 | AE88: REPARACION Y MANTENIMIENTO DE EQUIPO DE TRANSPORTE | AF88: 23364.2
B89: 2.3.8 | C89: VIATICOS NACIONALES | I89: DESEMPEÑO | J89: MUNICIPAL | K89: TRIMESTRAL | L89: PROGRAMA DE GOBIERNO | M89: CUMPLIMIENTO DE METAS | P89: 1 | R89: CONTROL PRESUPUESTAL | U89: 2 | V89: 2 | W89: 3 | X89: 6 | Y89: E | Z89: 1 | AA89: 2 | AB89: 4 | AC89: 3571 | AE89: HERRAMIENTA | AF89: 28156.2
B90: 2.3.9 | C90: IMPUESTOS Y DERECHOS (PAGO DE EXTRACCION DE AGUA) | I90: DESEMPEÑO | J90: MUNICIPAL | K90: TRIMESTRAL | L90: PROGRAMA DE GOBIERNO | M90: CUMPLIMIENTO DE METAS | P90: 1 | R90: CONTROL PRESUPUESTAL | U90: 2 | V90: 2 | W90: 3 | X90: 6 | Y90: E | Z90: 1 | AA90: 2 | AB90: 4 | AC90: 3751 | AE90: VIATICOS NACIONALES | AF90: 5120
B91: 2.3.10 | C91: IMPUESTO SOBRE NOMINA Y OTROS QUE SE DERIVEN DE UNA RELACION LABORAL | I91: DESEMPEÑO | J91: MUNICIPAL | K91: TRIMESTRAL | L91: PROGRAMA DE GOBIERNO | M91: CUMPLIMIENTO DE METAS | P91: 1 | R91: CONTROL PRESUPUESTAL | U91: 2 | V91: 2 | W91: 3 | X91: 6 | Y91: E | Z91: 1 | AA91: 2 | AB91: 4 | AC91: 3923 | AE91: IMPUESTOS Y DERECHOS | AF91: 120800
B92: 2.3.11 | C92: IMPUESTO SOBRE NOMINA | I92: DESEMPEÑO | J92: MUNICIPAL | K92: TRIMESTRAL | L92: PROGRAMA DE GOBIERNO | M92: CUMPLIMIENTO DE METAS | P92: 1 | R92: CONTROL PRESUPUESTAL | U92: 2 | V92: 2 | W92: 3 | X92: 6 | Y92: E | Z92: 1 | AA92: 1 | AB92: 4 | AC92: 3981 | AE92: IMPUESTO SOBRE NOMINA | AF92: 31166.31
B93: 2.4 | C93: INVERSION PÚBLICA | I93: DESEMPEÑO | J93: MUNICIPAL | K93: TRIMESTRAL | L93: PROGRAMA DE GOBIERNO | M93: CUMPLIMIENTO DE METAS | P93: 1 | R93: CONTROL PRESUPUESTAL | U93: 2 | V93: 2 | W93: 3 | X93: 6 | Y93: E | Z93: 1 | AA93: 1 | AB93: 4 | AC93: 6000 | AE93: INVERSION PÚBLICA | AF93: =AF94 -> 250000
B94: 2.4.1 | C94: Construccion de obra para el abastecimiento de agua, petroleo,gas, electricidad y telecomunicaciones | I94: DESEMPEÑO | J94: MUNICIPAL | K94: TRIMESTRAL | L94: PROGRAMA DE GOBIERNO | M94: CUMPLIMIENTO DE METAS | P94: 1 | R94: CONTROL PRESUPUESTAL | U94: 2 | V94: 2 | W94: 3 | X94: 6 | Y94: E | Z94: 1 | AA94: 1 | AB94: 4 | AC94: 6131 | AE94: Construccion de obra para el abastecimiento de agua, petroleo,gas, electricidad y telecomunicaciones | AF94: 250000
B95: UR 3 | AF95: =AF96+AF104+AF126+AF117 -> 1796203.5
B96: ACTIVIDADES 3.1 | C96: SERVICIOS PERSONALES | I96: DESEMPEÑO | J96: MUNICIPAL | K96: TRIMESTRAL | L96: PROGRAMA DE GOBIERNO | M96: CUMPLIMIENTO DE METAS | P96: 1 | R96: CONTROL PRESUPUESTAL | U96: 2 | V96: 2 | W96: 3 | X96: 6 | Y96: E | Z96: 1 | AA96: 3 | AB96: 4 | AC96: 1000 | AE96: SERVICIOS PERSONALES | AF96: =SUM(AF97:AF103) -> 1211883.8
B97: 3.1.1 | C97: SUELDOS BASE | I97: DESEMPEÑO | J97: MUNICIPAL | K97: TRIMESTRAL | L97: PROGRAMA DE GOBIERNO | M97: CUMPLIMIENTO DE METAS | P97: 1 | R97: CONTROL PRESUPUESTAL | U97: 2 | V97: 2 | W97: 3 | X97: 6 | Y97: E | Z97: 1 | AA97: 3 | AB97: 4 | AC97: 1131 | AE97: SUELDOS BASE | AF97: 941565.39
B98: 3.1.2 | C98: ANTIGUEDAD | I98: DESEMPEÑO | J98: MUNICIPAL | K98: TRIMESTRAL | L98: PROGRAMA DE GOBIERNO | M98: CUMPLIMIENTO DE METAS | P98: 1 | R98: CONTROL PRESUPUESTAL | U98: 2 | V98: 2 | W98: 3 | X98: 6 | Y98: E | Z98: 1 | AA98: 3 | AB98: 4 | AC98: 1312 | AE98: ANTIGUEDAD
B99: 3.1.3 | C99: PRIMA VACACIONAL | I99: DESEMPEÑO | J99: MUNICIPAL | K99: TRIMESTRAL | L99: PROGRAMA DE GOBIERNO | M99: CUMPLIMIENTO DE METAS | P99: 1 | R99: CONTROL PRESUPUESTAL | U99: 2 | V99: 2 | W99: 3 | X99: 6 | Y99: E | Z99: 1 | AA99: 3 | AB99: 4 | AC99: 1321 | AE99: PRIMA VACACIONAL | AF99: 77388.94
B100: 3.1.4 | C100: PRIMA DOMINICAL | I100: DESEMPEÑO | J100: MUNICIPAL | K100: TRIMESTRAL | L100: PROGRAMA DE GOBIERNO | M100: CUMPLIMIENTO DE METAS | P100: 1 | R100: CONTROL PRESUPUESTAL | U100: 2 | V100: 2 | W100: 3 | X100: 6 | Y100: E | Z100: 1 | AA100: 3 | AB100: 4 | AC100: 1322 | AE100: PRIMA DOMINICAL | AF100: 6846.09
...

Sheet CALENDARIO DE ACTIVIDADES
A1: CALENDARIO DE COMPONENTES Y ACTIVIDADES 2025 SAPADM
A3: COMPONENTE 1
A4: =MIR!C4 -> REPOSICION DE TUBO HIDRAULICO EN LAS CALLES QUE CUENTA CON TUBO DE ASBESTO CEMENTO EN LINEAS DE AGUA POTABLE DE CABECERA MUNICIPAL PARA EFICIENTAR EL SUMINISTRO
A5: UR | C5: ACTIVIDAD | D5: ENERO | E5: AVANCE | F5: FEBRERO | G5: AVANCE | H5: MARZO | I5: AVANCE | J5: ABRIL | K5: AVANCE | L5: MAYO | M5: AVANCE | N5: JUNIO | O5: AVANCE | P5: JULIO | Q5: AVANCE | R5: AGOSTO | S5: AVANCE | T5: SEPTIEMBRE | U5: AVANCE | V5: OCTUBRE | W5: AVANCE | X5: NOVIEMBRE | Y5: AVANCE | Z5: DICIEMBRE | AA5: AVANCE
A6: UR 2 6131 | C6: =MIR!C6 -> REPOSICION DE TUBO HIDRAULICO EN LAS CALLES QUE CUENTA CON TUBO DE ALBAÑAL EN LINEAS DE AGUA POTABLE DE CABECERA MUNICIPAL PARA EFICIENTAR EL SUMINISTRO | L6: 200 MTS. REPOSICION DE TUBO DE ASBESTO CEMENTO POR PVC HIDRAULICO | P6: 200 MTS. REPOSICION DE TUBO DE ASBESTO CEMENTO POR PVC HIDRAULICO
A7: COMPONENTE 2
A8: =MIR!#REF! -> #REF!
A9: UR | C9: ACTIVIDAD | D9: ENERO | E9: AVANCE | F9: FEBRERO | G9: AVANCE | H9: MARZO | I9: AVANCE | J9: ABRIL | K9: AVANCE | L9: MAYO | M9: AVANCE | N9: JUNIO | O9: AVANCE | P9: JULIO | Q9: AVANCE | R9: AGOSTO | S9: AVANCE | T9: SEPTIEMBRE | U9: AVANCE | V9: OCTUBRE | W9: AVANCE | X9: NOVIEMBRE | Y9: AVANCE | Z9: DICIEMBRE | AA9: AVANCE
A10: 2 6132 $***** | C10: GESTIONAR Y TRABAJAR PARA CUBRIR EL REZAGO DE INFRAESTRUCTURA DE DRENAJE EN CABECERA MPAL. | J10: 100 %AMPLIACION DE 80 MTS. CALLE LAS FLORES $ 102,000.00
A11: COMPONENTE 2
A12: =MIR!C7 -> IMPLEMENTAR UNA CULTURA Y USO DE AGUA A LOS CIUDADANOS DE CABECERA MPAL. IMPLEMENTADA
A13: UR | C13: ACTIVIDAD | D13: ENERO | E13: AVANCE | F13: FEBRERO | G13: AVANCE | H13: MARZO | I13: AVANCE | J13: ABRIL | K13: AVANCE | L13: MAYO | M13: AVANCE | N13: JUNIO | O13: AVANCE | P13: JULIO | Q13: AVANCE | R13: AGOSTO | S13: AVANCE | T13: SEPTIEMBRE | U13: AVANCE | V13: OCTUBRE | W13: AVANCE | X13: NOVIEMBRE | Y13: AVANCE | Z13: DICIEMBRE | AA13: AVANCE
A14: UR 1 2121 | C14: IMPLEMENTAR UNA CULTURA Y USO DE AGUA A LOS CIUDADANOS DE CABECERA MPAL. | D14: IMPRESIÓN DE 1000 RECIBOS ALUSIVOS A CULTURA Y USO DEL AGUA | F14: IMPRESIÓN DE 1000 RECIBOS ALUSIVOS A CULTURA Y USO DEL AGUA | H14: IMPRESIÓN DE 1000 RECIBOS ALUSIVOS A CULTURA Y USO DEL AGUA | J14: IMPRESIÓN DE 1000 RECIBOS ALUSIVOS A CULTURA Y USO DEL AGUA | L14: IMPRESIÓN DE 1000 RECIBOS ALUSIVOS A CULTURA Y USO DEL AGUA | N14: IMPRESIÓN DE 1000 RECIBOS ALUSIVOS A CULTURA Y USO DEL AGUA | P14: IMPRESIÓN DE 1000 RECIBOS ALUSIVOS A CULTURA Y USO DEL AGUA | R14: IMPRESIÓN DE 1000 RECIBOS ALUSIVOS A CULTURA Y USO DEL AGUA | T14: IMPRESIÓN DE 1000 RECIBOS ALUSIVOS A CULTURA Y USO DEL AGUA | V14: IMPRESIÓN DE 1000 RECIBOS ALUSIVOS A CULTURA Y USO DEL AGUA | X14: IMPRESIÓN DE 1000 RECIBOS ALUSIVOS A CULTURA Y USO DEL AGUA | Z14: IMPRESIÓN DE 1000 RECIBOS ALUSIVOS A CULTURA Y USO DEL AGUA
C15: PLATICAS SOBRE CULTURA Y USO DEL AGUA A NIÑOS, JOVENES Y ADULTOS. | D15: 1 PLATICA A NIÑOS Y JOVENES Y 1 PLATICA A ADULTOS | F15: 1 PLATICA A NIÑOS Y JOVENES Y 1 PLATICA A ADULTOS | H15: 1 PLATICA A NIÑOS Y JOVENES Y 1 PLATICA A ADULTOS | L15: 1 PLATICA A NIÑOS Y JOVENES Y 1 PLATICA A ADULTOS | N15: 1 PLATICA A NIÑOS Y JOVENES Y 1 PLATICA A ADULTOS | T15: 1 PLATICA A NIÑOS Y JOVENES Y 1 PLATICA A ADULTOS | V15: 1 PLATICA A NIÑOS Y JOVENES Y 1 PLATICA A ADULTOS | X15: 1 PLATICA A NIÑOS Y JOVENES Y 1 PLATICA A ADULTOS
A16: UR1 3821 | C16: EVENTO | H16: UN EVENTO DE CULTURA Y USO DEL AGUA
A17: COMPONENTE 3
A18: =MIR!C11 -> GASTOS ADMINISTRATIVOS PARA LA OPERACIÓN DEL SAPADM UTILIZADOS
A19: UR | C19: ACTIVIDAD | D19: ENERO | E19: AVANCE | F19: FEBRERO | G19: AVANCE | H19: MARZO | I19: AVANCE | J19: ABRIL | K19: AVANCE | L19: MAYO | M19: AVANCE | N19: JUNIO | O19: AVANCE | P19: JULIO | Q19: AVANCE | R19: AGOSTO | S19: AVANCE | T19: SEPTIEMBRE | U19: AVANCE | V19: OCTUBRE | W19: AVANVCE | X19: NOVIEMBRE | Y19: AVANCE | Z19: DICIEMBRE | AA19: AVANCE
A20: UR1 | B20: ATENCION A CIUDADANOS Y CIUDADANAS POR COBROS | D20: 2100 | F20: 2100 | H20: 2100 | J20: 2100 | L20: 2100 | N20: 2100 | P20: 2100 | R20: 2100 | T20: 2100 | V20: 2100 | X20: 2100 | Z20: 2100
B21: ATENCION A CIUDADANOS Y CIUDADANAS POR REPORTES | D21: 35 | F21: 35 | H21: 35 | J21: 35 | L21: 35 | N21: 35 | P21: 35 | R21: 35 | T21: 35 | V21: 35 | X21: 35 | Z21: 35
B22: TOMA DE MUESTRA DE CLORADO | D22: 12 | F22: 12 | H22: 12 | J22: 12 | L22: 12 | N22: 12 | P22: 12 | R22: 12 | T22: 12 | V22: 12 | X22: 12 | Z22: 12
B23: INFORMES FINANCIEROS | H23: 1 | N23: 1 | T23: 1 | Z23: 1
A24: UR 2 | B24: TOMA DE LECTURA | D24: 2700 | F24: 2700 | H24: 2700 | J24: 2700 | L24: 2700 | N24: 2700 | P24: 2700 | R24: 2700 | T24: 2700 | V24: 2700 | X24: 2700 | Z24: 2700
B25: ATENCION A REPORTES | D25: 30 | F25: 30 | H25: 30 | J25: 30 | L25: 30 | N25: 30 | P25: 30 | R25: 30 | T25: 30 | V25: 30 | X25: 30 | Z25: 30
B26: REQUERIMIENTOS ADEUDOS DE TRES MESES | D26: 250 | F26: 250 | H26: 250 | J26: 250 | L26: 250 | N26: 250 | P26: 250 | R26: 250 | T26: 250 | V26: 250 | X26: 250 | Z26: 250
B27: REPARACION DE FUGAS DE AGUA | D27: 20 | F27: 20 | H27: 20 | J27: 20 | L27: 20 | N27: 20 | P27: 20 | R27: 20 | T27: 20 | V27: 20 | X27: 20 | Z27: 20
B28: REPARACION DE FUGAS EN RED DE DRENAJE | D28: 3 | F28: 3 | H28: 3 | J28: 3 | L28: 3 | N28: 3 | P28: 3 | R28: 3 | T28: 3 | V28: 3 | X28: 3 | Z28: 3
B29: BACHEO | D29: 8 | F29: 8 | H29: 8 | J29: 8 | L29: 8 | N29: 8 | P29: 8 | R29: 8 | T29: 8 | V29: 8 | X29: 8 | Z29: 8
B30: CONEXIÓN DE TOMAS | D30: 8 | F30: 8 | H30: 8 | J30: 8 | L30: 8 | N30: 8 | P30: 8 | R30: 8 | T30: 8 | V30: 8 | X30: 8 | Z30: 8
A31: UR 3 | B31: OPERATIVIDAD Y MANTENIMIENTO DE PLANTA TRATADORA | D31: 31 | F31: 28 | H31: 31 | J31: 30 | L31: 31 | N31: 30 | P31: 31 | R31: 31 | T31: 30 | V31: 31 | X31: 30 | Z31: 31
K34: =J37*3 -> 1928199.6 | L34: =K37+M37+O37 -> 0 | M34: =L34-K34 -> -1928199.6
C35: UR 1
C36: SUMA TOTAL DE UR 1- UR 2- UR 3. | I36: PRESUPUESTO | J36: ENERO | K36: AVANCE | L36: FEBRERO | M36: AVANCE | N36: MARZO | O36: AVANCE | P36: ABRIL | Q36: AVANCE | R36: MAYO | S36: AVANCE | T36: JUNIO | U36: AVANCE | V36: JULIO | W36: AVANCE | X36: AGOSTO | Y36: AVANCE | Z36: SEPTIEMBRE | AA36: AVANCE | AB36: OCTUBRE | AC36: AVANCE | AD36: NOVIEMBRE | AE36: AVANCE | AF36: DICIEMBRE | AG36: AVANCE | AH36: CIERRE | AI36: AVANCE | AJ36: TOTAL PRESUPUESTADO
I37: =I38+I81+I123 -> 7773945.1 | J37: =J38+J81+J123 -> 642733.21 | K37: =K38+K81+K123 -> 0 | L37: =L38+L81+L123 -> 642733.21 | M37: =M38+M81+M123 -> 0 | N37: =N38+N81+N123 -> 642733.21 | O37: =O38+O81+O123 -> 0 | P37: =P38+P81+P123 -> 642733.21 | ... AG37: =AG38+AG81+AG123 -> 0 | AH37: =J37+L37+N37+P37+R37+T37+V37+X37+Z37+AB37+AD37+AF37 -> 7712798.6 | AI37: =K37+M37+O37+Q37+S37+U37+W37+Y37+AA37+AC37+AE37+AG37 -> 0 | AJ37: =I37 -> 7773945.1
C38: UR 1 | I38: =I39+I48+I61+I77 -> 1530869.5 | J38: =J39+J48+J61+J77 -> 127572.46 | K38: =K39+K48+K61+K77 -> 0 | L38: =L39+L48+L61+L77 -> 127572.46 | M38: =M39+M48+M61+M77 -> 0 | N38: =N39+N48+N61+N77 -> 127572.46 | O38: =O39+O48+O61+O77 -> 0 | P38: =P39+P48+P61+P77 -> 127572.46 | ... AG38: =AG39+AG48+AG61+AG77 -> 0 | AH38: =J38+L38+N38+P38+R38+T38+V38+X38+Z38+AB38+AD38+AF38 -> 1530869.5 | AI38: =AI39+AI48+AI61+AI77 -> 1530869.5 | AJ38: =AJ39+AJ48+AJ61+AJ77 -> 0
A39: 1000 | C39: Actividad 4.1 | D39: SERVICIOS PERSONALES | E39: CUMPLIMIENTO DE METAS | F39: CUMPLIMIENTO DE METAS | I39: =SUM(I40:I47) -> 1056942.1 | J39: =I39/12 -> 88078.512 | L39: =SUM(L40:L47) -> 88078.512 | M39: =SUM(M40:M47) -> 0 | N39: =SUM(N40:N47) -> 88078.512 | O39: =SUM(O40:O47) -> 0 | P39: =SUM(P40:P47) -> 88078.512 | Q39: =SUM(Q40:Q47) -> 0 | R39: =SUM(R40:R47) -> 88078.512 | S39: =SUM(S40:S47) -> 0 | ... AF39: =SUM(AF40:AF47) -> 88078.512 | AH39: =J39+L39+N39+P39+R39+T39+V39+X39+Z39+AB39+AD39+AF39 -> 1056942.1 | AI39: =J39+L39+N39+P39+R39+T39+V39+X39+Z39+AB39+AD39+AF39 -> 1056942.1
A40: 1131 | C40: 4.1.1 | D40: SUELDOS BASE | E40: CUMPLIMIENTO DE METAS | F40: CUMPLIMIENTO DE METAS | I40: 754640.22 | J40: =I40/12 -> 62886.685 | L40: =I40/12 -> 62886.685 | N40: =I40/12 -> 62886.685 | P40: =I40/12 -> 62886.685 | R40: =I40/12 -> 62886.685 | T40: =I40/12 -> 62886.685 | V40: =I40/12 -> 62886.685 | X40: =V40 -> 62886.685 | Z40: =I40/12 -> 62886.685 | AB40: =I40/12 -> 62886.685 | AD40: =I40/12 -> 62886.685 | AF40: =I40/12 -> 62886.685 | AH40: =J40+L40+N40+P40+R40+T40+V40+X40+Z40+AB40+AD40+AF40 -> 754640.22 | AI40: =J40+L40+N40+P40+R40+T40+V40+X40+Z40+AB40+AD40+AF40 -> 754640.22
A41: 1312 | C41: 4.1.2 | D41: ANTIGUEDAD | E41: CUMPLIMIENTO DE METAS | F41: CUMPLIMIENTO DE METAS | I41: 24339.5 | J41: =I41/12 -> 2028.2917 | L41: =I41/12 -> 2028.2917 | N41: =I41/12 -> 2028.2917 | P41: =I41/12 -> 2028.2917 | R41: =I41/12 -> 2028.2917 | T41: =I41/12 -> 2028.2917 | V41: =I41/12 -> 2028.2917 | X41: =I41/12 -> 2028.2917 | Z41: =I41/12 -> 2028.2917 | AB41: =I41/12 -> 2028.2917 | AD41: =I41/12 -> 2028.2917 | AF41: =I41/12 -> 2028.2917 | AH41: =J41+L41+N41+P41+R41+T41+V41+X41+Z41+AB41+AD41+AF41 -> 24339.5 | AI41: =J41+L41+N41+P41+R41+T41+V41+X41+Z41+AB41+AD41+AF41 -> 24339.5
A42: 1321 | C42: 4.1.3 | D42: PRIMA VACACIONAL | E42: CUMPLIMIENTO DE METAS | F42: CUMPLIMIENTO DE METAS | I42: 62025.22 | J42: =I42/12 -> 5168.7683 | L42: =I42/12 -> 5168.7683 | N42: =I42/12 -> 5168.7683 | P42: =I42/12 -> 5168.7683 | R42: =I42/12 -> 5168.7683 | T42: =I42/12 -> 5168.7683 | V42: =I42/12 -> 5168.7683 | X42: =I42/12 -> 5168.7683 | Z42: =I42/12 -> 5168.7683 | AB42: =I42/12 -> 5168.7683 | AD42: =I42/12 -> 5168.7683 | AF42: =I42/12 -> 5168.7683 | AH42: =J42+L42+N42+P42+R42+T42+V42+X42+Z42+AB42+AD42+AF42 -> 62025.22 | AI42: =J42+L42+N42+P42+R42+T42+V42+X42+Z42+AB42+AD42+AF42 -> 62025.22
A43: 1322 | C43: 4.1.4 | D43: PRIMA DOMINICAL | E43: CUMPLIMIENTO DE METAS | F43: CUMPLIMIENTO DE METAS | I43: 5202.52 | J43: =I43/12 -> 433.54333 | L43: =I43/12 -> 433.54333 | N43: =I43/12 -> 433.54333 | P43: =I43/12 -> 433.54333 | R43: =I43/12 -> 433.54333 | T43: =I43/12 -> 433.54333 | V43: =I43/12 -> 433.54333 | X43: =I43/12 -> 433.54333 | Z43: =I43/12 -> 433.54333 | AB43: =I43/12 -> 433.54333 | AD43: =I43/12 -> 433.54333 | AF43: =I43/12 -> 433.54333
A44: 1323 | C44: 4.1.5 | D44: GRATIFICACION DE FIN DE AÑO | E44: CUMPLIMIENTO DE METAS | F44: CUMPLIMIENTO DE METAS | I44: 93037.83 | J44: =I44/12 -> 7753.1525 | L44: =I44/12 -> 7753.1525 | N44: =I44/12 -> 7753.1525 | P44: =I44/12 -> 7753.1525 | R44: =I44/12 -> 7753.1525 | T44: =I44/12 -> 7753.1525 | V44: =I44/12 -> 7753.1525 | X44: =I44/12 -> 7753.1525 | Z44: =I44/12 -> 7753.1525 | AB44: =I44/12 -> 7753.1525 | AD44: =I44/12 -> 7753.1525 | AF44: =I44/12 -> 7753.1525 | AH44: =J44+L44+N44+P44+R44+T44+V44+X44+Z44+AB44+AD44+AF44 -> 93037.83 | AI44: =J44+L44+N44+P44+R44+T44+V44+X44+Z44+AB44+AD44+AF44 -> 93037.83
A45: 1331 | C45: 4.1.6 | D45: REMUNERACION POR HORAS EXTRAORDINARIAS | E45: CUMPLIMIENTO DE METAS | F45: CUMPLIMIENTO DE METAS | I45: 6848.1 | J45: =I45/12 -> 570.675 | L45: =I45/12 -> 570.675 | N45: =I45/12 -> 570.675 | P45: =I45/12 -> 570.675 | R45: =I45/12 -> 570.675 | T45: =I45/12 -> 570.675 | V45: =I45/12 -> 570.675 | X45: =I45/12 -> 570.675 | Z45: =I45/12 -> 570.675 | AB45: =I45/12 -> 570.675 | AD45: =I45/12 -> 570.675 | AF45: =I45/12 -> 570.675 | AH45: =J45+L45+N45+P45+R45+T45+V45+X45+Z45+AB45+AD45+AF45 -> 6848.1 | AI45: =J45+L45+N45+P45+R45+T45+V45+X45+Z45+AB45+AD45+AF45 -> 6848.1
A46: 1522 | C46: 4.1.7 | D46: LIQUIDACIONES POR INDEMNIZACION | E46: CUMPLIMIENTO DE METAS | F46: CUMPLIMIENTO DE METAS | I46: 60848.76 | J46: =I46/12 -> 5070.73 | L46: =I46/12 -> 5070.73 | N46: =I46/12 -> 5070.73 | P46: =I46/12 -> 5070.73 | R46: =I46/12 -> 5070.73 | T46: =I46/12 -> 5070.73 | V46: =I46/12 -> 5070.73 | X46: =I46/12 -> 5070.73 | Z46: =I46/12 -> 5070.73 | AB46: =I46/12 -> 5070.73 | AD46: =I46/12 -> 5070.73 | AF46: =I46/12 -> 5070.73 | AH46: =J46+L46+N46+P46+R46+T46+V46+X46+Z46+AB46+AD46+AF46 -> 60848.76 | AI46: =J46+L46+N46+P46+R46+T46+V46+X46+Z46+AB46+AD46+AF46 -> 60848.76
A47: 1541 | C47: 4.1.8 | D47: REEMBOLSO GASTOS MEDICOS | E47: CUMPLIMIENTO DE METAS | F47: CUMPLIMIENTO DE METAS | I47: 50000 | J47: =I47/12 -> 4166.6667 | L47: =I47/12 -> 4166.6667 | N47: =I47/12 -> 4166.6667 | P47: =I47/12 -> 4166.6667 | R47: =I47/12 -> 4166.6667 | T47: =I47/12 -> 4166.6667 | V47: =I47/12 -> 4166.6667 | X47: =I47/12 -> 4166.6667 | Z47: =I47/12 -> 4166.6667 | AB47: =I47/12 -> 4166.6667 | AD47: =I47/12 -> 4166.6667 | AF47: =I47/12 -> 4166.6667 | AH47: =J47+L47+N47+P47+R47+T47+V47+X47+Z47+AB47+AD47+AF47 -> 50000 | AI47: =J47+L47+N47+P47+R47+T47+V47+X47+Z47+AB47+AD47+AF47 -> 50000
A48: 2000 | C48: Actividad 5.1 | D48: MATERIALES Y SUMINISTROS | E48: CUMPLIMIENTO DE METAS | F48: CUMPLIMIENTO DE METAS | I48: =SUM(I49:I60) -> 140505.18 | J48: =SUM(J49:J60) -> 11708.765 | K48: =SUM(K49:K60) -> 0 | L48: =SUM(L49:L60) -> 11708.765 | M48: =SUM(M49:M60) -> 0 | N48: =SUM(N49:N60) -> 11708.765 | O48: =SUM(O49:O60) -> 0 | P48: =SUM(P49:P60) -> 11708.765 | R48: =SUM(R49:R60) -> 11708.765 | T48: =I48/12 -> 11708.765 | V48: =SUM(V49:V60) -> 11708.765 | X48: =SUM(X49:X60) -> 11708.765 | Z48: =SUM(Z49:Z60) -> 11708.765 | AB48: =SUM(AB49:AB60) -> 11708.765 | AD48: =SUM(AD49:AD60) -> 11708.765 | AF48: =SUM(AF49:AF60) -> 11708.765 | AH48: =J48+L48+N48+P48+R48+T48+V48+X48+Z48+AB48+AD48+AF48 -> 140505.18 | AI48: =J48+L48+N48+P48+R48+T48+V48+X48+Z48+AB48+AD48+AF48 -> 140505.18
A49: 2111 | C49: 5.1.1 | D49: MATERIALES Y UTILES DE OFICINA | E49: CUMPLIMIENTO DE METAS | F49: CUMPLIMIENTO DE METAS | I49: 20635.73 | J49: =I49/12 -> 1719.6442 | L49: =I49/12 -> 1719.6442 | N49: =I49/12 -> 1719.6442 | P49: =I49/12 -> 1719.6442 | R49: =I49/12 -> 1719.6442 | T49: =I49/12 -> 1719.6442 | V49: =I49/12 -> 1719.6442 | X49: =I49/12 -> 1719.6442 | Z49: =I49/12 -> 1719.6442 | AB49: =I49/12 -> 1719.6442 | AD49: =I49/12 -> 1719.6442 | AF49: =I49/12 -> 1719.6442 | AH49: =J49+L49+N49+P49+R49+T49+V49+X49+Z49+AB49+AD49+AF49 -> 20635.73 | AI49: =J49+L49+N49+P49+R49+T49+V49+X49+Z49+AB49+AD49+AF49 -> 20635.73
A50: 2121 | C50: 5.1.2 | D50: MATERIALES Y UTILES DE IMPRESIÓN | E50: CUMPLIMIENTO DE METAS | F50: CUMPLIMIENTO DE METAS | I50: 2566 | J50: =I50/12 -> 213.83333 | L50: =I50/12 -> 213.83333 | N50: =I50/12 -> 213.83333 | P50: =I50/12 -> 213.83333 | R50: =I50/12 -> 213.83333 | T50: =I50/12 -> 213.83333 | V50: =I50/12 -> 213.83333 | X50: =I50/12 -> 213.83333 | Z50: =I50/12 -> 213.83333 | AB50: =I50/12 -> 213.83333 | AD50: =I50/12 -> 213.83333 | AF50: =I50/12 -> 213.83333 | AH50: =J50+L50+N50+P50+R50+T50+V50+X50+Z50+AB50+AD50+AF50 -> 2566 | AI50: =J50+L50+N50+P50+R50+T50+V50+X50+Z50+AB50+AD50+AF50 -> 2566
A51: 2141 | C51: 5.1.3 | D51: MATERIALES Y UTILES DE TECNOLOGIA DE LA INFORMACION Y COMUNICACION | E51: CUMPLIMIENTO DE METAS | F51: CUMPLIMIENTO DE METAS | I51: 8163.8 | J51: =I51/12 -> 680.31667 | L51: =I51/12 -> 680.31667 | N51: =I51/12 -> 680.31667 | P51: =I51/12 -> 680.31667 | R51: =I51/12 -> 680.31667 | T51: =I51/12 -> 680.31667 | V51: =I51/12 -> 680.31667 | X51: =I51/12 -> 680.31667 | Z51: =I51/12 -> 680.31667 | AB51: =I51/12 -> 680.31667 | AD51: =I51/12 -> 680.31667 | AF51: =I51/12 -> 680.31667 | AH51: =J51+L51+N51+P51+R51+T51+V51+X51+Z51+AB51+AD51+AF51 -> 8163.8 | AI51: =J51+L51+N51+P51+R51+T51+V51+X51+Z51+AB51+AD51+AF51 -> 8163.8
A52: 2142 | C52: 5.1.4 | D52: MATERIALES, UTILES Y EQUIPOS MENORES DE LA TECNOLOGIA | E52: CUMPLIMIENTO DE METAS | F52: CUMPLIMIENTO DE METAS | I52: 6000 | J52: =I52/12 -> 500 | L52: =I52/12 -> 500 | N52: =I52/12 -> 500 | P52: =I52/12 -> 500 | R52: =I52/12 -> 500 | T52: =I52/12 -> 500 | V52: =I52/12 -> 500 | X52: =I52/12 -> 500 | Z52: =I52/12 -> 500 | AB52: =I52/12 -> 500 | AD52: =I52/12 -> 500 | AF52: =I52/12 -> 500 | AH52: =J52+L52+N52+P52+R52+T52+V52+X52+Z52+AB52+AD52+AF52 -> 6000 | AI52: =J52+L52+N52+P52+R52+T52+V52+X52+Z52+AB52+AD52+AF52 -> 6000
A53: 2161 | C53: 5.1.5 | D53: MATERIALES DE LIMPIEZA | E53: CUMPLIMIENTO DE METAS | F53: CUMPLIMIENTO DE METAS | I53: 4323.7 | J53: =I53/12 -> 360.30833 | L53: =I53/12 -> 360.30833 | N53: =I53/12 -> 360.30833 | P53: =I53/12 -> 360.30833 | R53: =I53/12 -> 360.30833 | T53: =I53/12 -> 360.30833 | V53: =I53/12 -> 360.30833 | X53: =I53/12 -> 360.30833 | Z53: =I53/12 -> 360.30833 | AB53: =I53/12 -> 360.30833 | AD53: =I53/12 -> 360.30833 | AF53: =I53/12 -> 360.30833 | AH53: =J53+L53+N53+P53+R53+T53+V53+X53+Z53+AB53+AD53+AF53 -> 4323.7 | AI53: =J53+L53+N53+P53+R53+T53+V53+X53+Z53+AB53+AD53+AF53 -> 4323.7
A54: 2212 | C54: 5.1.6 | D54: PRODUCTOS ALIMENTICIOS PARA EL PERSONAL | E54: CUMPLIMIENTO DE METAS | F54: CUMPLIMIENTO DE METAS | I54: 10612 | J54: =I54/12 -> 884.33333 | L54: =I54/12 -> 884.33333 | N54: =I54/12 -> 884.33333 | P54: =I54/12 -> 884.33333 | R54: =I54/12 -> 884.33333 | T54: =I54/12 -> 884.33333 | V54: =I54/12 -> 884.33333 | X54: =I54/12 -> 884.33333 | Z54: =I54/12 -> 884.33333 | AB54: =I54/12 -> 884.33333 | AD54: =I54/12 -> 884.33333 | AF54: =I54/12 -> 884.33333 | AH54: =J54+L54+N54+P54+R54+T54+V54+X54+Z54+AB54+AD54+AF54 -> 10612 | AI54: =J54+L54+N54+P54+R54+T54+V54+X54+Z54+AB54+AD54+AF54 -> 10612
A55: 2491 | C55: 5.1.7 | D55: OTROS MATERILAES Y ARTICULOS D | E55: CUMPLIMIENTO DE METAS | F55: CUMPLIMIENTO DE METAS | I55: 7000 | J55: =I55/12 -> 583.33333 | L55: =I55/12 -> 583.33333 | N55: =I55/12 -> 583.33333 | P55: =I55/12 -> 583.33333 | R55: =I55/12 -> 583.33333 | T55: =I55/12 -> 583.33333 | V55: =I55/12 -> 583.33333 | X55: =I55/12 -> 583.33333 | Z55: =I55/12 -> 583.33333 | AB55: =I55/12 -> 583.33333 | AD55: =I55/12 -> 583.33333 | AF55: =I55/12 -> 583.33333 | AH55: =J55+L55+N55+P55+R55+T55+V55+X55+Z55+AB55+AD55+AF55 -> 7000 | AI55: =J55+L55+N55+P55+R55+T55+V55+X55+Z55+AB55+AD55+AF55 -> 7000
A56: 2612 | C56: 5.1.8 | D56: COMBUSTIBLES, LUBRICANTES Y ADHITIVOS | E56: CUMPLIMIENTO DE METAS | F56: CUMPLIMIENTO DE METAS | I56: 29873.47 | J56: =I56/12 -> 2489.4558 | L56: =I56/12 -> 2489.4558 | N56: =I56/12 -> 2489.4558 | P56: =I56/12 -> 2489.4558 | R56: =I56/12 -> 2489.4558 | T56: =I56/12 -> 2489.4558 | V56: =I56/12 -> 2489.4558 | X56: =I56/12 -> 2489.4558 | Z56: =I56/12 -> 2489.4558 | AB56: =I56/12 -> 2489.4558 | AD56: =I56/12 -> 2489.4558 | AF56: =I56/12 -> 2489.4558 | AH56: =J56+L56+N56+P56+R56+T56+V56+X56+Z56+AB56+AD56+AF56 -> 29873.47 | AI56: =J56+L56+N56+P56+R56+T56+V56+X56+Z56+AB56+AD56+AF56 -> 29873.47
A57: 2711 | C57: 5.1.9 | D57: VESTUARIOS Y UNIFORMES | E57: CUMPLIMIENTO DE METAS | F57: CUMPLIMIENTO DE METAS | I57: 25000 | J57: =I57/12 -> 2083.3333 | L57: =I57/12 -> 2083.3333 | N57: =I57/12 -> 2083.3333 | P57: =I57/12 -> 2083.3333 | R57: =I57/12 -> 2083.3333 | T57: =I57/12 -> 2083.3333 | V57: =I57/12 -> 2083.3333 | X57: =I57/12 -> 2083.3333 | Z57: =I57/12 -> 2083.3333 | AB57: =I57/12 -> 2083.3333 | AD57: =I57/12 -> 2083.3333 | AF57: =I57/12 -> 2083.3333 | AH57: =J57+L57+N57+P57+R57+T57+V57+X57+Z57+AB57+AD57+AF57 -> 25000 | AI57: =J57+L57+N57+P57+R57+T57+V57+X57+Z57+AB57+AD57+AF57 -> 25000
A58: 2911 | C58: 5.1.10 | D58: HERRAMIENTAS MENORES | E58: CUMPLIMIENTO DE METAS | F58: CUMPLIMIENTO DE METAS | I58: 2000 | J58: =I58/12 -> 166.66667 | L58: =I58/12 -> 166.66667 | N58: =I58/12 -> 166.66667 | P58: =I58/12 -> 166.66667 | R58: =I58/12 -> 166.66667 | T58: =I58/12 -> 166.66667 | V58: =I58/12 -> 166.66667 | X58: =I58/12 -> 166.66667 | Z58: =I58/12 -> 166.66667 | AB58: =I58/12 -> 166.66667 | AD58: =I58/12 -> 166.66667 | AF58: =I58/12 -> 166.66667 | AH58: =J58+L58+N58+P58+R58+T58+V58+X58+Z58+AB58+AD58+AF58 -> 2000 | AI58: =J58+L58+N58+P58+R58+T58+V58+X58+Z58+AB58+AD58+AF58 -> 2000
A59: 2941 | C59: 5.1.11 | D59: REFACCIONES Y ACCESORIOS MENOR DE EQUIPO DE COMPUTO | E59: CUMPLIMIENTO DE METAS | F59: CUMPLIMIENTO DE METAS | I59: 9330.48 | J59: =I59/12 -> 777.54 | L59: =I59/12 -> 777.54 | N59: =I59/12 -> 777.54 | P59: =I59/12 -> 777.54 | R59: =I59/12 -> 777.54 | T59: =I59/12 -> 777.54 | V59: =I59/12 -> 777.54 | X59: =I59/12 -> 777.54 | Z59: =I59/12 -> 777.54 | AB59: =I59/12 -> 777.54 | AD59: =I59/12 -> 777.54 | AF59: =I59/12 -> 777.54 | AH59: =J59+L59+N59+P59+R59+T59+V59+X59+Z59+AB59+AD59+AF59 -> 9330.48 | AI59: =J59+L59+N59+P59+R59+T59+V59+X59+Z59+AB59+AD59+AF59 -> 9330.48
A60: 2961 | C60: 5.1.12 | D60: REFACCIONES Y ACCESORIOS MENORES DE EQUIPO DE TRANSPORTE | E60: CUMPLIMIENTO DE METAS | F60: CUMPLIMIENTO DE METAS | I60: 15000 | J60: =I60/12 -> 1250 | L60: =I60/12 -> 1250 | N60: =I60/12 -> 1250 | P60: =I60/12 -> 1250 | R60: =I60/12 -> 1250 | T60: =I60/12 -> 1250 | V60: =I60/12 -> 1250 | X60: =I60/12 -> 1250 | Z60: =I60/12 -> 1250 | AB60: =I60/12 -> 1250 | AD60: =I60/12 -> 1250 | AF60: =I60/12 -> 1250 | AH60: =J60+L60+N60+P60+R60+T60+V60+X60+Z60+AB60+AD60+AF60 -> 15000 | AI60: =J60+L60+N60+P60+R60+T60+V60+X60+Z60+AB60+AD60+AF60 -> 15000
A61: 3000 | C61: ACTIVIDAD 6 | D61: SERVICIOS GENERALES | E61: CUMPLIMIENTO DE METAS | F61: CUMPLIMIENTO DE METAS | I61: =SUM(I62:I76) -> 310862.85 | J61: =SUM(J62:J76) -> 25905.238 | K61: =SUM(K62:K76) -> 0 | L61: =SUM(L62:L76) -> 25905.238 | M61: =SUM(M62:M76) -> 0 | N61: =SUM(N62:N76) -> 25905.238 | O61: =SUM(O62:O76) -> 0 | P61: =SUM(P62:P76) -> 25905.238 | R61: =SUM(R62:R76) -> 25905.238 | T61: =SUM(T62:T76) -> 25905.238 | V61: =SUM(V62:V76) -> 25905.238 | X61: =SUM(X62:X76) -> 25905.238 | Z61: =SUM(Z62:Z76) -> 25905.238 | AB61: =SUM(AB62:AB76) -> 25905.238 | AD61: =SUM(AD62:AD76) -> 25905.238 | AF61: =SUM(AF62:AF76) -> 25905.238 | AH61: =J61+L61+N61+P61+R61+T61+V61+X61+Z61+AB61+AD61+AF61 -> 310862.85 | AI61: =J61+L61+N61+P61+R61+T61+V61+X61+Z61+AB61+AD61+AF61 -> 310862.85
A62: 3151 | C62: 6.1.1 | D62: TELEFONICO CELULAR | E62: CUMPLIMIENTO DE METAS | F62: CUMPLIMIENTO DE METAS | I62: 7500 | J62: =I62/12 -> 625 | L62: =I62/12 -> 625 | N62: =I62/12 -> 625 | P62: =I62/12 -> 625 | R62: =I62/12 -> 625 | T62: =I62/12 -> 625 | V62: =I62/12 -> 625 | X62: =I62/12 -> 625 | Z62: =I62/12 -> 625 | AB62: =I62/12 -> 625 | AD62: =I62/12 -> 625 | AF62: =I62/12 -> 625 | AH62: =J62+L62+N62+P62+R62+T62+V62+X62+Z62+AB62+AD62+AF62 -> 7500 | AI62: =J62+L62+N62+P62+R62+T62+V62+X62+Z62+AB62+AD62+AF62 -> 7500
A63: 3171 | C63: 6.1.2 | D63: SERVICIOS DE ACCESO A INTERNET | E63: CUMPLIMIENTO DE METAS | F63: CUMPLIMIENTO DE METAS | I63: 6000 | J63: =I63/12 -> 500 | L63: =I63/12 -> 500 | N63: =I63/12 -> 500 | P63: =I63/12 -> 500 | R63: =I63/12 -> 500 | T63: =I63/12 -> 500 | V63: =I63/12 -> 500 | X63: =I63/12 -> 500 | Z63: =I63/12 -> 500 | AB63: =I63/12 -> 500 | AD63: =I63/12 -> 500 | AF63: =I63/12 -> 500 | AH63: =J63+L63+N63+P63+R63+T63+V63+X63+Z63+AB63+AD63+AF63 -> 6000 | AI63: =J63+L63+N63+P63+R63+T63+V63+X63+Z63+AB63+AD63+AF63 -> 6000
A64: 3311 | C64: 6.1.3 | D64: SERVICIOS CONTABLES | E64: CUMPLIMIENTO DE METAS | F64: CUMPLIMIENTO DE METAS | I64: 145333.2 | J64: =I64/12 -> 12111.1 | L64: =I64/12 -> 12111.1 | N64: =I64/12 -> 12111.1 | P64: =I64/12 -> 12111.1 | R64: =I64/12 -> 12111.1 | T64: =I64/12 -> 12111.1 | V64: =I64/12 -> 12111.1 | X64: =I64/12 -> 12111.1 | Z64: =I64/12 -> 12111.1 | AB64: =I64/12 -> 12111.1 | AD64: =I64/12 -> 12111.1 | AF64: =I64/12 -> 12111.1 | AH64: =J64+L64+N64+P64+R64+T64+V64+X64+Z64+AB64+AD64+AF64 -> 145333.2 | AI64: =J64+L64+N64+P64+R64+T64+V64+X64+Z64+AB64+AD64+AF64 -> 145333.2
A65: 3331 | C65: 6.1.4 | D65: SERVICIOS DE CONSULTORIA ADMINISTRATIVA, PROCESOS, TECNICA Y EN TECNOLOGIAS DE LA INFORMACION (MODIFICACIONES DE LOS SISTEMAS) | E65: CUMPLIMIENTO DE METAS | F65: CUMPLIMIENTO DE METAS | I65: 38824.9 | J65: =I65/12 -> 3235.4083 | L65: =I65/12 -> 3235.4083 | N65: =I65/12 -> 3235.4083 | P65: =I65/12 -> 3235.4083 | R65: =I65/12 -> 3235.4083 | T65: =I65/12 -> 3235.4083 | V65: =I65/12 -> 3235.4083 | X65: =I65/12 -> 3235.4083 | Z65: =I65/12 -> 3235.4083 | AB65: =I65/12 -> 3235.4083 | AD65: =I65/12 -> 3235.4083 | AF65: =I65/12 -> 3235.4083 | AH65: =J65+L65+N65+P65+R65+T65+V65+X65+Z65+AB65+AD65+AF65 -> 38824.9 | AI65: =J65+L65+N65+P65+R65+T65+V65+X65+Z65+AB65+AD65+AF65 -> 38824.9
A66: 3451 | C66: 6.1.5 | D66: SEGUROS DE BIENES PATRIMONIALES | E66: CUMPLIMIENTO DE METAS | F66: CUMPLIMIENTO DE METAS | I66: 4203.2 | J66: =I66/12 -> 350.26667 | L66: =I66/12 -> 350.26667 | N66: =I66/12 -> 350.26667 | P66: =I66/12 -> 350.26667 | R66: =I66/12 -> 350.26667 | T66: =I66/12 -> 350.26667 | V66: =I66/12 -> 350.26667 | X66: =I66/12 -> 350.26667 | Z66: =I66/12 -> 350.26667 | AB66: =I66/12 -> 350.26667 | AD66: =I66/12 -> 350.26667 | AF66: =I66/12 -> 350.26667 | AH66: =J66+L66+N66+P66+R66+T66+V66+X66+Z66+AB66+AD66+AF66 -> 4203.2 | AI66: =J66+L66+N66+P66+R66+T66+V66+X66+Z66+AB66+AD66+AF66 -> 4203.2
A67: 3491 | C67: 6.1.6 | D67: SERVICIOS FINANCIEROS, BANCARI | E67: CUMPLIMIENTO DE METAS | F67: CUMPLIMIENTO DE METAS | I67: 8291.3 | J67: =I67/12 -> 690.94167 | L67: =I67/12 -> 690.94167 | N67: =I67/12 -> 690.94167 | P67: =I67/12 -> 690.94167 | R67: =I67/12 -> 690.94167 | T67: =I67/12 -> 690.94167 | V67: =I67/12 -> 690.94167 | X67: =I67/12 -> 690.94167 | Z67: =I67/12 -> 690.94167 | AB67: =I67/12 -> 690.94167 | AD67: =I67/12 -> 690.94167 | AF67: =I67/12 -> 690.94167 | AH67: =J67+L67+N67+P67+R67+T67+V67+X67+Z67+AB67+AD67+AF67 -> 8291.3 | AI67: =J67+L67+N67+P67+R67+T67+V67+X67+Z67+AB67+AD67+AF67 -> 8291.3
A68: 3511 | C68: 6.1.7 | D68: CONSERVACION Y MTTO DE INMUEBLE | I68: 4500 | J68: =I68/12 -> 375 | L68: =I68/12 -> 375 | N68: =I68/12 -> 375 | P68: =I68/12 -> 375 | R68: =I68/12 -> 375 | T68: =I68/12 -> 375 | V68: =I68/12 -> 375 | X68: =I68/12 -> 375 | Z68: =I68/12 -> 375 | AB68: =I68/12 -> 375 | AD68: =I68/12 -> 375 | AF68: =I68/12 -> 375 | AH68: =J68+L68+N68+P68+R68+T68+V68+X68+Z68+AB68+AD68+AF68 -> 4500 | AI68: =J68+L68+N68+P68+R68+T68+V68+X68+Z68+AB68+AD68+AF68 -> 4500
A69: 3531 | C69: 6.1.8 | D69: INSTALACION, REPARACION Y MTTO DE EQUIPO DE COMPUTO Y TECNOLOGIA DE LA INFORMACION | E69: CUMPLIMIENTO DE METAS | F69: CUMPLIMIENTO DE METAS | I69: 7500 | J69: =I69/12 -> 625 | L69: =I69/12 -> 625 | N69: =I69/12 -> 625 | P69: =I69/12 -> 625 | R69: =I69/12 -> 625 | T69: =I69/12 -> 625 | V69: =I69/12 -> 625 | X69: =I69/12 -> 625 | Z69: =I69/12 -> 625 | AB69: =I69/12 -> 625 | AD69: =I69/12 -> 625 | AF69: =I69/12 -> 625 | AH69: =J69+L69+N69+P69+R69+T69+V69+X69+Z69+AB69+AD69+AF69 -> 7500 | AI69: =J69+L69+N69+P69+R69+T69+V69+X69+Z69+AB69+AD69+AF69 -> 7500
A70: 3551 | C70: 6.1.9 | D70: REPARACION Y MANTENIMIENTO DE EQUIPO DE TRANSPORTE | E70: CUMPLIMIENTO DE METAS | F70: CUMPLIMIENTO DE METAS | I70: 17499.68 | J70: =I70/12 -> 1458.3067 | L70: =I70/12 -> 1458.3067 | N70: =I70/12 -> 1458.3067 | P70: =I70/12 -> 1458.3067 | R70: =I70/12 -> 1458.3067 | T70: =I70/12 -> 1458.3067 | V70: =I70/12 -> 1458.3067 | X70: =I70/12 -> 1458.3067 | Z70: =I70/12 -> 1458.3067 | AB70: =I70/12 -> 1458.3067 | AD70: =I70/12 -> 1458.3067 | AF70: =I70/12 -> 1458.3067 | AH70: =J70+L70+N70+P70+R70+T70+V70+X70+Z70+AB70+AD70+AF70 -> 17499.68 | AI70: =J70+L70+N70+P70+R70+T70+V70+X70+Z70+AB70+AD70+AF70 -> 17499.68
A71: 3571 | C71: 6.1.10 | D71: SERVICIO DE INSTALACION Y REPARACION Y MTTO DE MAQ Y OTROS EQUIPOS | E71: CUMPLIMIENTO DE METAS | F71: CUMPLIMIENTO DE METAS | I71: 3740 | J71: =I71/12 -> 311.66667 | L71: =I71/12 -> 311.66667 | N71: =I71/12 -> 311.66667 | P71: =I71/12 -> 311.66667 | R71: =I71/12 -> 311.66667 | T71: =I71/12 -> 311.66667 | V71: =I71/12 -> 311.66667 | X71: =I71/12 -> 311.66667 | Z71: =I71/12 -> 311.66667 | AB71: =I71/12 -> 311.66667 | AD71: =I71/12 -> 311.66667 | AF71: =I71/12 -> 311.66667 | AH71: =J71+L71+N71+P71+R71+T71+V71+X71+Z71+AB71+AD71+AF71 -> 3740 | AI71: =J71+L71+N71+P71+R71+T71+V71+X71+Z71+AB71+AD71+AF71 -> 3740
A72: 3751 | C72: 6.1.11 | D72: VIATICOS NACIONALES | E72: CUMPLIMIENTO DE METAS | F72: CUMPLIMIENTO DE METAS | I72: 6500 | J72: =I72/12 -> 541.66667 | L72: =I72/12 -> 541.66667 | N72: =I72/12 -> 541.66667 | P72: =I72/12 -> 541.66667 | R72: =I72/12 -> 541.66667 | T72: =I72/12 -> 541.66667 | V72: =I72/12 -> 541.66667 | X72: =I72/12 -> 541.66667 | Z72: =I72/12 -> 541.66667 | AB72: =I72/12 -> 541.66667 | AD72: =I72/12 -> 541.66667 | AF72: =I72/12 -> 541.66667 | AH72: =J72+L72+N72+P72+R72+T72+V72+X72+Z72+AB72+AD72+AF72 -> 6500 | AI72: =J72+L72+N72+P72+R72+T72+V72+X72+Z72+AB72+AD72+AF72 -> 6500
A73: 3821 | C73: 6.1.12 | D73: GASTOS DE ORDEN SOCIAL Y CULTURA (EVENTO DE CULTURA Y USO DEL AGUA) | E73: CUMPLIMIENTO DE METAS | F73: CUMPLIMIENTO DE METAS | I73: 20000 | J73: =I73/12 -> 1666.6667 | L73: =I73/12 -> 1666.6667 | N73: =I73/12 -> 1666.6667 | P73: =I73/12 -> 1666.6667 | R73: =I73/12 -> 1666.6667 | T73: =I73/12 -> 1666.6667 | V73: =I73/12 -> 1666.6667 | X73: =I73/12 -> 1666.6667 | Z73: =I73/12 -> 1666.6667 | AB73: =I73/12 -> 1666.6667 | AD73: =I73/12 -> 1666.6667 | AF73: =I73/12 -> 1666.6667 | AH73: =J73+L73+N73+P73+R73+T73+V73+X73+Z73+AB73+AD73+AF73 -> 20000 | AI73: =J73+L73+N73+P73+R73+T73+V73+X73+Z73+AB73+AD73+AF73 -> 20000
A74: 3852 | C74: 6.1.13 | D74: GASTOS DE REPRESENTACION (REUNIONES DE CONSEJO) | E74: CUMPLIMIENTO DE METAS | F74: CUMPLIMIENTO DE METAS | I74: 4733.4 | J74: =I74/12 -> 394.45 | L74: =I74/12 -> 394.45 | N74: =I74/12 -> 394.45 | P74: =I74/12 -> 394.45 | R74: =I74/12 -> 394.45 | T74: =I74/12 -> 394.45 | V74: =I74/12 -> 394.45 | X74: =I74/12 -> 394.45 | Z74: =I74/12 -> 394.45 | AB74: =I74/12 -> 394.45 | AD74: =I74/12 -> 394.45 | AF74: =I74/12 -> 394.45 | AH74: =J74+L74+N74+P74+R74+T74+V74+X74+Z74+AB74+AD74+AF74 -> 4733.4 | AI74: =J74+L74+N74+P74+R74+T74+V74+X74+Z74+AB74+AD74+AF74 -> 4733.4
A75: 3921 | C75: 6.1.14 | D75: IMPUESTOS Y DERECHOS | E75: CUMPLIMIENTO DE METAS | F75: CUMPLIMIENTO DE METAS | I75: 7500 | J75: =I75/12 -> 625 | L75: =I75/12 -> 625 | N75: =I75/12 -> 625 | P75: =I75/12 -> 625 | R75: =I75/12 -> 625 | T75: =I75/12 -> 625 | V75: =I75/12 -> 625 | X75: =I75/12 -> 625 | Z75: =I75/12 -> 625 | AB75: =I75/12 -> 625 | AD75: =I75/12 -> 625 | AF75: =I75/12 -> 625 | AH75: =J75+L75+N75+P75+R75+T75+V75+X75+Z75+AB75+AD75+AF75 -> 7500 | AI75: =J75+L75+N75+P75+R75+T75+V75+X75+Z75+AB75+AD75+AF75 -> 7500
A76: 3981 | C76: 6.1.15 | D76: IMPUESTO SOBRE NOMINAS | E76: CUMPLIMIENTO DE METAS | F76: CUMPLIMIENTO DE METAS | I76: 28737.17 | J76: =I76/12 -> 2394.7642 | L76: =I76/12 -> 2394.7642 | N76: =I76/12 -> 2394.7642 | P76: =I76/12 -> 2394.7642 | R76: =I76/12 -> 2394.7642 | T76: =I76/12 -> 2394.7642 | V76: =I76/12 -> 2394.7642 | X76: =I76/12 -> 2394.7642 | Z76: =I76/12 -> 2394.7642 | AB76: =I76/12 -> 2394.7642 | AD76: =I76/12 -> 2394.7642 | AF76: =I76/12 -> 2394.7642 | AH76: =J76+L76+N76+P76+R76+T76+V76+X76+Z76+AB76+AD76+AF76 -> 28737.17 | AI76: =J76+L76+N76+P76+R76+T76+V76+X76+Z76+AB76+AD76+AF76 -> 28737.17
A77: 5000 | C77: 7.1 | D77: BIENES MUEBLES, INMUEBLES E INTANGIBLES | E77: CUMPLIMIENTO DE METAS | F77: CUMPLIMIENTO DE METAS | I77: =SUM(I78:I79) -> 22559.3 | J77: =SUM(J78:J79) -> 1879.9417 | K77: =SUM(K78:K79) -> 0 | L77: =SUM(L78:L79) -> 1879.9417 | M77: =SUM(M78:M79) -> 0 | N77: =SUM(N78:N79) -> 1879.9417 | O77: =SUM(O78:O79) -> 0 | P77: =SUM(P78:P79) -> 1879.9417 | R77: =SUM(R78:R79) -> 1879.9417 | T77: =SUM(T78:T79) -> 1879.9417 | V77: =SUM(V78:V79) -> 1879.9417 | X77: =SUM(X78:X79) -> 1879.9417 | Z77: =SUM(Z78:Z79) -> 1879.9417 | AB77: =SUM(AB78:AB79) -> 1879.9417 | AD77: =SUM(AD78:AD79) -> 1879.9417 | AF77: =SUM(AF78:AF79) -> 1879.9417 | AH77: =J77+L77+N77+P77+R77+T77+V77+X77+Z77+AB77+AD77+AF77 -> 22559.3 | AI77: =J77+L77+N77+P77+R77+T77+V77+X77+Z77+AB77+AD77+AF77 -> 22559.3
A78: 5111 | C78: 7.1.1 | D78: MUEBLES DE OFICINA Y ESTANTERIA | E78: CUMPLIMIENTO DE METAS | F78: CUMPLIMIENTO DE METAS | I78: 7559.3 | J78: =I78/12 -> 629.94167 | L78: =I78/12 -> 629.94167 | N78: =I78/12 -> 629.94167 | P78: =I78/12 -> 629.94167 | R78: =I78/12 -> 629.94167 | T78: =I78/12 -> 629.94167 | V78: =I78/12 -> 629.94167 | X78: =I78/12 -> 629.94167 | Z78: =I78/12 -> 629.94167 | AB78: =I78/12 -> 629.94167 | AD78: =I78/12 -> 629.94167 | AF78: =I78/12 -> 629.94167 | AH78: =J78+L78+N78+P78+R78+T78+V78+X78+Z78+AB78+AD78+AF78 -> 7559.3 | AI78: =J78+L78+N78+P78+R78+T78+V78+X78+Z78+AB78+AD78+AF78 -> 7559.3
A79: 5151 | C79: 7.1.2 | D79: EQUIPOS DE COMPUTO Y DE TECNOLOGIA DE LA INFORMACION | E79: CUMPLIMIENTO DE METAS | F79: CUMPLIMIENTO DE METAS | I79: 15000 | J79: =I79/12 -> 1250 | L79: =I79/12 -> 1250 | N79: =I79/12 -> 1250 | P79: =I79/12 -> 1250 | R79: =I79/12 -> 1250 | T79: =I79/12 -> 1250 | V79: =I79/12 -> 1250 | X79: =I79/12 -> 1250 | Z79: =I79/12 -> 1250 | AB79: =I79/12 -> 1250 | AD79: =I79/12 -> 1250 | AF79: =I79/12 -> 1250 | AH79: =J79+L79+N79+P79+R79+T79+V79+X79+Z79+AB79+AD79+AF79 -> 15000 | AI79: =J79+L79+N79+P79+R79+T79+V79+X79+Z79+AB79+AD79+AF79 -> 15000
C80: UR 2 | AH80: =J80+L80+N80+P80+R80+T80+V80+X80+Z80+AB80+AD80+AF80 -> 0 | AI80: =J80+L80+N80+P80+R80+T80+V80+X80+Z80+AB80+AD80+AF80 -> 0
C81: UR 2 | I81: =I82+I92+I108+I120 -> 4446872.1 | J81: =J82+J92+J108+J120 -> 367975.48 | K81: =K82+K92+K108+K120 -> 0 | L81: =L82+L92+L108+L120 -> 367975.48 | M81: =M82+M92+M108+M120 -> 0 | N81: =N82+N92+N108+N120 -> 367975.48 | O81: =O82+O92+O108+O120 -> 0 | P81: =P82+P92+P108+P120 -> 367975.48 | ... AF81: =AF82+AF92+AF108+AF120 -> 367975.48 | AH81: =J81+L81+N81+P81+R81+T81+V81+X81+Z81+AB81+AD81+AF81 -> 4415705.8 | AI81: =J81+L81+N81+P81+R81+T81+V81+X81+Z81+AB81+AD81+AF81 -> 4415705.8
A82: 1000 | C82: ACTIVIDAD 8.1 | D82: SERVICIOS PERSONALES | E82: CUMPLIMIENTO DE METAS | F82: CUMPLIMIENTO DE METAS | I82: =SUM(I83:I91) -> 871533.13 | J82: =SUM(J83:J91) -> 72627.761 | K82: =SUM(K83:K91) -> 0 | L82: =SUM(L83:L91) -> 72627.761 | M82: =SUM(M83:M91) -> 0 | N82: =SUM(N83:N91) -> 72627.761 | O82: =SUM(O83:O91) -> 0 | P82: =SUM(P83:P91) -> 72627.761 | R82: =SUM(R83:R91) -> 72627.761 | T82: =SUM(T83:T91) -> 72627.761 | V82: =SUM(V83:V91) -> 72627.761 | X82: =SUM(X83:X91) -> 72627.761 | Z82: =SUM(Z83:Z91) -> 72627.761 | AB82: =SUM(AB83:AB91) -> 72627.761 | AD82: =SUM(AD83:AD91) -> 72627.761 | AF82: =SUM(AF83:AF91) -> 72627.761 | AH82: =J82+L82+N82+P82+R82+T82+V82+X82+Z82+AB82+AD82+AF82 -> 871533.13 | AI82: =J82+L82+N82+P82+R82+T82+V82+X82+Z82+AB82+AD82+AF82 -> 871533.13
A83: 1131 | C83: 8.1.1 | D83: SUELDOS BASE | E83: CUMPLIMIENTO DE METAS | F83: CUMPLIMIENTO DE METAS | I83: 642372.33 | J83: =I83/12 -> 53531.027 | L83: =I83/12 -> 53531.027 | N83: =I83/12 -> 53531.027 | P83: =I83/12 -> 53531.027 | R83: =I83/12 -> 53531.027 | T83: =I83/12 -> 53531.027 | V83: =I83/12 -> 53531.027 | X83: =I83/12 -> 53531.027 | Z83: =I83/12 -> 53531.027 | AB83: =I83/12 -> 53531.027 | AD83: =I83/12 -> 53531.027 | AF83: =I83/12 -> 53531.027 | AH83: =J83+L83+N83+P83+R83+T83+V83+X83+Z83+AB83+AD83+AF83 -> 642372.33 | AI83: =J83+L83+N83+P83+R83+T83+V83+X83+Z83+AB83+AD83+AF83 -> 642372.33 | AJ83: =AH82+AH92+AH108+AH120 -> 4415705.8
A84: 1221 | C84: 8.1.2 | D84: REMUNERACION PARA EVENTUALES | E84: CUMPLIMIENTO DE METAS | F84: CUMPLIMIENTO DE METAS | I84: 10400 | J84: =I84/12 -> 866.66667 | L84: =I84/12 -> 866.66667 | N84: =I84/12 -> 866.66667 | P84: =I84/12 -> 866.66667 | R84: =I84/12 -> 866.66667 | T84: =I84/12 -> 866.66667 | V84: =I84/12 -> 866.66667 | X84: =I84/12 -> 866.66667 | Z84: =I84/12 -> 866.66667 | AB84: =I84/12 -> 866.66667 | AD84: =I84/12 -> 866.66667 | AF84: =I84/12 -> 866.66667 | AH84: =J84+L84+N84+P84+R84+T84+V84+X84+Z84+AB84+AD84+AF84 -> 10400 | AI84: =J84+L84+N84+P84+R84+T84+V84+X84+Z84+AB84+AD84+AF84 -> 10400
A85: 1312 | C85: 8.1.3 | D85: ANTIGUEDAD | E85: CUMPLIMIENTO DE METAS | F85: CUMPLIMIENTO DE METAS | J85: =I85/12 -> 0 | L85: =I85/12 -> 0 | N85: =I85/12 -> 0 | P85: =I85/12 -> 0 | R85: =I85/12 -> 0 | T85: =I85/12 -> 0 | V85: =I85/12 -> 0 | X85: =I85/12 -> 0 | Z85: =I85/12 -> 0 | AB85: =I85/12 -> 0 | AD85: =I85/12 -> 0 | AF85: =I85/12 -> 0 | AH85: =J85+L85+N85+P85+R85+T85+V85+X85+Z85+AB85+AD85+AF85 -> 0 | AI85: =J85+L85+N85+P85+R85+T85+V85+X85+Z85+AB85+AD85+AF85 -> 0
A86: 1321 | C86: 8.1.4 | D86: PRIMA VACACIONAL | E86: CUMPLIMIENTO DE METAS | F86: CUMPLIMIENTO DE METAS | I86: 52797.73 | J86: =I86/12 -> 4399.8108 | L86: =I86/12 -> 4399.8108 | N86: =I86/12 -> 4399.8108 | P86: =I86/12 -> 4399.8108 | R86: =I86/12 -> 4399.8108 | T86: =I86/12 -> 4399.8108 | V86: =I86/12 -> 4399.8108 | X86: =I86/12 -> 4399.8108 | Z86: =I86/12 -> 4399.8108 | AB86: =I86/12 -> 4399.8108 | AD86: =I86/12 -> 4399.8108 | AF86: =I86/12 -> 4399.8108 | AH86: =J86+L86+N86+P86+R86+T86+V86+X86+Z86+AB86+AD86+AF86 -> 52797.73 | AI86: =J86+L86+N86+P86+R86+T86+V86+X86+Z86+AB86+AD86+AF86 -> 52797.73
A87: 1322 | C87: 8.1.5 | D87: PRIMA DOMINICAL | E87: CUMPLIMIENTO DE METAS | F87: CUMPLIMIENTO DE METAS | I87: 6766.48 | J87: =I87/12 -> 563.87333 | L87: =I87/12 -> 563.87333 | N87: =I87/12 -> 563.87333 | P87: =I87/12 -> 563.87333 | R87: =I87/12 -> 563.87333 | T87: =I87/12 -> 563.87333 | V87: =I87/12 -> 563.87333 | X87: =I87/12 -> 563.87333 | Z87: =I87/12 -> 563.87333 | AB87: =I87/12 -> 563.87333 | AD87: =I87/12 -> 563.87333 | AF87: =I87/12 -> 563.87333 | AH87: =J87+L87+N87+P87+R87+T87+V87+X87+Z87+AB87+AD87+AF87 -> 6766.48 | AI87: =J87+L87+N87+P87+R87+T87+V87+X87+Z87+AB87+AD87+AF87 -> 6766.48
A88: 1323 | C88: 8.1.6 | D88: GRATIFICACION DE FIN DE AÑO | E88: CUMPLIMIENTO DE METAS | F88: CUMPLIMIENTO DE METAS | I88: 79196.59 | J88: =I88/12 -> 6599.7158 | L88: =I88/12 -> 6599.7158 | N88: =I88/12 -> 6599.7158 | P88: =I88/12 -> 6599.7158 | R88: =I88/12 -> 6599.7158 | T88: =I88/12 -> 6599.7158 | V88: =I88/12 -> 6599.7158 | X88: =I88/12 -> 6599.7158 | Z88: =I88/12 -> 6599.7158 | AB88: =I88/12 -> 6599.7158 | AD88: =I88/12 -> 6599.7158 | AF88: =I88/12 -> 6599.7158 | AH88: =J88+L88+N88+P88+R88+T88+V88+X88+Z88+AB88+AD88+AF88 -> 79196.59 | AI88: =J88+L88+N88+P88+R88+T88+V88+X88+Z88+AB88+AD88+AF88 -> 79196.59
A89: 1331 | C89: 8.1.7 | D89: REMUNERACION POR HORAS EXTRAOR | E89: CUMPLIMIENTO DE METAS | F89: CUMPLIMIENTO DE METAS | I89: 20000 | J89: =I89/12 -> 1666.6667 | L89: =I89/12 -> 1666.6667 | N89: =I89/12 -> 1666.6667 | P89: =I89/12 -> 1666.6667 | R89: =I89/12 -> 1666.6667 | T89: =I89/12 -> 1666.6667 | V89: =I89/12 -> 1666.6667 | X89: =I89/12 -> 1666.6667 | Z89: =I89/12 -> 1666.6667 | AB89: =I89/12 -> 1666.6667 | AD89: =I89/12 -> 1666.6667 | AF89: =I89/12 -> 1666.6667 | AH89: =J89+L89+N89+P89+R89+T89+V89+X89+Z89+AB89+AD89+AF89 -> 20000 | AI89: =J89+L89+N89+P89+R89+T89+V89+X89+Z89+AB89+AD89+AF89 -> 20000
A90: 1522 | C90: 8.1.8 | D90: LIQUIDACIONES POR INDEMNIZACIO | E90: CUMPLIMIENTO DE METAS | F90: CUMPLIMIENTO DE METAS | J90: =I90/12 -> 0 | L90: =I90/12 -> 0 | N90: =I90/12 -> 0 | P90: =I90/12 -> 0 | R90: =I90/12 -> 0 | T90: =I90/12 -> 0 | V90: =I90/12 -> 0 | X90: =I90/12 -> 0 | Z90: =I90/12 -> 0 | AB90: =I90/12 -> 0 | AD90: =I90/12 -> 0 | AF90: =I90/12 -> 0 | AH90: =J90+L90+N90+P90+R90+T90+V90+X90+Z90+AB90+AD90+AF90 -> 0 | AI90: =J90+L90+N90+P90+R90+T90+V90+X90+Z90+AB90+AD90+AF90 -> 0
A91: 1541 | C91: 8.1.9 | D91: REEMBOLSO GASTOS MEDICOS | E91: CUMPLIMIENTO DE METAS | F91: CUMPLIMIENTO DE METAS | I91: 60000 | J91: =I91/12 -> 5000 | L91: =I91/12 -> 5000 | N91: =I91/12 -> 5000 | P91: =I91/12 -> 5000 | R91: =I91/12 -> 5000 | T91: =I91/12 -> 5000 | V91: =I91/12 -> 5000 | X91: =I91/12 -> 5000 | Z91: =I91/12 -> 5000 | AB91: =I91/12 -> 5000 | AD91: =I91/12 -> 5000 | AF91: =I91/12 -> 5000 | AH91: =J91+L91+N91+P91+R91+T91+V91+X91+Z91+AB91+AD91+AF91 -> 60000 | AI91: =J91+L91+N91+P91+R91+T91+V91+X91+Z91+AB91+AD91+AF91 -> 60000
A92: 2000 | C92: ACTIVIDAD 9.1 | D92: MATERIALES Y SUMINISTROS | E92: CUMPLIMIENTO DE METAS | F92: CUMPLIMIENTO DE METAS | I92: =SUM(I93:I107) -> 450251.98 | J92: =SUM(J93:J107) -> 37520.998 | K92: =SUM(K93:K107) -> 0 | L92: =SUM(L93:L107) -> 37520.998 | M92: =SUM(M93:M107) -> 0 | N92: =SUM(N93:N107) -> 37520.998 | O92: =SUM(O93:O107) -> 0 | P92: =SUM(P93:P107) -> 37520.998 | R92: =SUM(R93:R107) -> 37520.998 | T92: =SUM(T93:T107) -> 37520.998 | V92: =SUM(V93:V107) -> 37520.998 | X92: =SUM(X93:X107) -> 37520.998 | Z92: =SUM(Z93:Z107) -> 37520.998 | AB92: =SUM(AB93:AB107) -> 37520.998 | AD92: =SUM(AD93:AD107) -> 37520.998 | AF92: =SUM(AF93:AF107) -> 37520.998 | AH92: =J92+L92+N92+P92+R92+T92+V92+X92+Z92+AB92+AD92+AF92 -> 450251.98 | AI92: =J92+L92+N92+P92+R92+T92+V92+X92+Z92+AB92+AD92+AF92 -> 450251.98
A93: 2212 | C93: 9.1.1 | D93: PRODUCTOS ALIMENTICIOS PARA EL PERSONAL | E93: CUMPLIMIENTO DE METAS | F93: CUMPLIMIENTO DE METAS | I93: 8320 | J93: =I93/12 -> 693.33333 | L93: =I93/12 -> 693.33333 | N93: =I93/12 -> 693.33333 | P93: =I93/12 -> 693.33333 | R93: =I93/12 -> 693.33333 | T93: =I93/12 -> 693.33333 | V93: =I93/12 -> 693.33333 | X93: =I93/12 -> 693.33333 | Z93: =I93/12 -> 693.33333 | AB93: =I93/12 -> 693.33333 | AD93: =I93/12 -> 693.33333 | AF93: =I93/12 -> 693.33333 | AH93: =J93+L93+N93+P93+R93+T93+V93+X93+Z93+AB93+AD93+AF93 -> 8320 | AI93: =J93+L93+N93+P93+R93+T93+V93+X93+Z93+AB93+AD93+AF93 -> 8320
A94: 2421 | C94: 9.1.2 | D94: MATERIALES DE CONSTRUCCION DE CONCRETO | E94: CUMPLIMIENTO DE METAS | F94: CUMPLIMIENTO DE METAS | I94: 19400 | J94: =I94/12 -> 1616.6667 | L94: =I94/12 -> 1616.6667 | N94: =I94/12 -> 1616.6667 | P94: =I94/12 -> 1616.6667 | R94: =I94/12 -> 1616.6667 | T94: =I94/12 -> 1616.6667 | V94: =I94/12 -> 1616.6667 | X94: =I94/12 -> 1616.6667 | Z94: =I94/12 -> 1616.6667 | AB94: =I94/12 -> 1616.6667 | AD94: =I94/12 -> 1616.6667 | AF94: =I94/12 -> 1616.6667 | AH94: =J94+L94+N94+P94+R94+T94+V94+X94+Z94+AB94+AD94+AF94 -> 19400 | AI94: =J94+L94+N94+P94+R94+T94+V94+X94+Z94+AB94+AD94+AF94 -> 19400
A95: 2491-01 | C95: 9.1.3 | D95: MATERIALES DE REPARACION DE FUGAS DE DRENAJE | E95: CUMPLIMIENTO DE METAS | F95: CUMPLIMIENTO DE METAS | I95: 20080 | J95: =I95/12 -> 1673.3333 | L95: =I95/12 -> 1673.3333 | N95: =I95/12 -> 1673.3333 | P95: =I95/12 -> 1673.3333 | R95: =I95/12 -> 1673.3333 | T95: =I95/12 -> 1673.3333 | V95: =I95/12 -> 1673.3333 | X95: =I95/12 -> 1673.3333 | Z95: =I95/12 -> 1673.3333 | AB95: =I95/12 -> 1673.3333 | AD95: =I95/12 -> 1673.3333 | AF95: =I95/12 -> 1673.3333 | AH95: =J95+L95+N95+P95+R95+T95+V95+X95+Z95+AB95+AD95+AF95 -> 20080 | AI95: =J95+L95+N95+P95+R95+T95+V95+X95+Z95+AB95+AD95+AF95 -> 20080
A96: 2491-02 | C96: 9.1.4 | D96: MATERIAL DE REPARACION DE FUGAS DE AGUA | E96: CUMPLIMIENTO DE METAS | F96: CUMPLIMIENTO DE METAS | I96: 67681.98 | J96: =I96/12 -> 5640.165 | L96: =I96/12 -> 5640.165 | N96: =I96/12 -> 5640.165 | P96: =I96/12 -> 5640.165 | R96: =I96/12 -> 5640.165 | T96: =I96/12 -> 5640.165 | V96: =I96/12 -> 5640.165 | X96: =I96/12 -> 5640.165 | Z96: =I96/12 -> 5640.165 | AB96: =I96/12 -> 5640.165 | AD96: =I96/12 -> 5640.165 | AF96: =I96/12 -> 5640.165 | AH96: =J96+L96+N96+P96+R96+T96+V96+X96+Z96+AB96+AD96+AF96 -> 67681.98 | AI96: =J96+L96+N96+P96+R96+T96+V96+X96+Z96+AB96+AD96+AF96 -> 67681.98
A97: 2491-03 | C97: 9.1.5 | D97: MATERIALES DE INSTALACION DE TOMAS DE AGUA | E97: CUMPLIMIENTO DE METAS | F97: CUMPLIMIENTO DE METAS | I97: 59000 | J97: =I97/12 -> 4916.6667 | L97: =I97/12 -> 4916.6667 | N97: =I97/12 -> 4916.6667 | P97: =I97/12 -> 4916.6667 | R97: =I97/12 -> 4916.6667 | T97: =I97/12 -> 4916.6667 | V97: =I97/12 -> 4916.6667 | X97: =I97/12 -> 4916.6667 | Z97: =I97/12 -> 4916.6667 | AB97: =I97/12 -> 4916.6667 | AD97: =I97/12 -> 4916.6667 | AF97: =I97/12 -> 4916.6667 | AH97: =J97+L97+N97+P97+R97+T97+V97+X97+Z97+AB97+AD97+AF97 -> 59000 | AI97: =J97+L97+N97+P97+R97+T97+V97+X97+Z97+AB97+AD97+AF97 -> 59000
A98: 2491-04 | C98: 9.1.6 | D98: MATERIALES DE INSTALACION DE TOMA DE DRENAJE | E98: CUMPLIMIENTO DE METAS | F98: CUMPLIMIENTO DE METAS | I98: 14160 | J98: =I98/12 -> 1180 | L98: =I98/12 -> 1180 | N98: =I98/12 -> 1180 | P98: =I98/12 -> 1180 | R98: =I98/12 -> 1180 | T98: =I98/12 -> 1180 | V98: =I98/12 -> 1180 | X98: =I98/12 -> 1180 | Z98: =I98/12 -> 1180 | AB98: =I98/12 -> 1180 | AD98: =I98/12 -> 1180 | AF98: =I98/12 -> 1180 | AH98: =J98+L98+N98+P98+R98+T98+V98+X98+Z98+AB98+AD98+AF98 -> 14160 | AI98: =J98+L98+N98+P98+R98+T98+V98+X98+Z98+AB98+AD98+AF98 -> 14160
A99: 2491-05 | C99: 9.1.7 | D99: MATERIALES DE MANTENIMIENTO DE REDES | E99: CUMPLIMIENTO DE METAS | F99: CUMPLIMIENTO DE METAS | I99: 30000 | J99: =I99/12 -> 2500 | L99: =I99/12 -> 2500 | N99: =I99/12 -> 2500 | P99: =I99/12 -> 2500 | R99: =I99/12 -> 2500 | T99: =I99/12 -> 2500 | V99: =I99/12 -> 2500 | X99: =I99/12 -> 2500 | Z99: =I99/12 -> 2500 | AB99: =I99/12 -> 2500 | AD99: =I99/12 -> 2500 | AF99: =I99/12 -> 2500 | AH99: =J99+L99+N99+P99+R99+T99+V99+X99+Z99+AB99+AD99+AF99 -> 30000 | AI99: =J99+L99+N99+P99+R99+T99+V99+X99+Z99+AB99+AD99+AF99 -> 30000
A100: 2491-06 | C100: 9.1.8 | D100: OTROS MATERIALES Y ARTICULOS DE CONSTRUCCION Y REPARACION | E100: CUMPLIMIENTO DE METAS | F100: CUMPLIMIENTO DE METAS | I100: 50000 | J100: =I100/12 -> 4166.6667 | L100: =I100/12 -> 4166.6667 | N100: =I100/12 -> 4166.6667 | P100: =I100/12 -> 4166.6667 | R100: =I100/12 -> 4166.6667 | T100: =I100/12 -> 4166.6667 | V100: =I100/12 -> 4166.6667 | X100: =I100/12 -> 4166.6667 | Z100: =I100/12 -> 4166.6667 | AB100: =I100/12 -> 4166.6667 | AD100: =I100/12 -> 4166.6667 | AF100: =I100/12 -> 4166.6667 | AH100: =J100+L100+N100+P100+R100+T100+V100+X100+Z100+AB100+AD100+AF100 -> 50000 | AI100: =J100+L100+N100+P100+R100+T100+V100+X100+Z100+AB100+AD100+AF100 -> 50000
A101: 2511 | C101: 9.1.9 | D101: PRODUCTOS QUIMICOS BASICOS (CLORO) | E101: CUMPLIMIENTO DE METAS | F101: CUMPLIMIENTO DE METAS | I101: 44410 | J101: =I101/12 -> 3700.8333 | L101: =I101/12 -> 3700.8333 | N101: =I101/12 -> 3700.8333 | P101: =I101/12 -> 3700.8333 | R101: =I101/12 -> 3700.8333 | T101: =I101/12 -> 3700.8333 | V101: =I101/12 -> 3700.8333 | X101: =I101/12 -> 3700.8333 | Z101: =I101/12 -> 3700.8333 | AB101: =I101/12 -> 3700.8333 | AD101: =I101/12 -> 3700.8333 | AF101: =I101/12 -> 3700.8333 | AH101: =J101+L101+N101+P101+R101+T101+V101+X101+Z101+AB101+AD101+AF101 -> 44410 | AI101: =J101+L101+N101+P101+R101+T101+V101+X101+Z101+AB101+AD101+AF101 -> 44410
A102: 2612 | C102: 9.1.10 | D102: COMBUSTIBLES, LUBRICANTES Y ADITIVOS | E102: CUMPLIMIENTO DE METAS | F102: CUMPLIMIENTO DE METAS | I102: 65000 | J102: =I102/12 -> 5416.6667 | L102: =I102/12 -> 5416.6667 | N102: =I102/12 -> 5416.6667 | P102: =I102/12 -> 5416.6667 | R102: =I102/12 -> 5416.6667 | T102: =I102/12 -> 5416.6667 | V102: =I102/12 -> 5416.6667 | X102: =I102/12 -> 5416.6667 | Z102: =I102/12 -> 5416.6667 | AB102: =I102/12 -> 5416.6667 | AD102: =I102/12 -> 5416.6667 | AF102: =I102/12 -> 5416.6667 | AH102: =J102+L102+N102+P102+R102+T102+V102+X102+Z102+AB102+AD102+AF102 -> 65000 | AI102: =J102+L102+N102+P102+R102+T102+V102+X102+Z102+AB102+AD102+AF102 -> 65000
A103: 2711 | C103: 9.1.11 | D103: VESTUARIOS Y UNIFORMES | E103: CUMPLIMIENTO DE METAS | F103: CUMPLIMIENTO DE METAS | I103: 30000 | J103: =I103/12 -> 2500 | L103: =I103/12 -> 2500 | N103: =I103/12 -> 2500 | P103: =I103/12 -> 2500 | R103: =I103/12 -> 2500 | T103: =I103/12 -> 2500 | V103: =I103/12 -> 2500 | X103: =I103/12 -> 2500 | Z103: =I103/12 -> 2500 | AB103: =I103/12 -> 2500 | AD103: =I103/12 -> 2500 | AF103: =I103/12 -> 2500 | AH103: =J103+L103+N103+P103+R103+T103+V103+X103+Z103+AB103+AD103+AF103 -> 30000 | AI103: =J103+L103+N103+P103+R103+T103+V103+X103+Z103+AB103+AD103+AF103 -> 30000
...

Sheet MATRIZ
A1: NOMBRE DE LA INSTITUCIÓN: | D1: SAPADM
A3: PROPÓSITO | C3: ALINEACIÓN O.P DEL PG | F3: DR. MORA, POR UN TERRITORIO ORDENADO Y EN ARMONIA CON EL MEDIO AMBIENTE | M3: META PG | O3: REPOSICIONDE 400 MTS. DE RED DE AGUA POTABLE, Y, DIFUNDIR CULTURA Y CUIDADO DEL AGUA EN CABECERA MPAL. CULTURA DE AGUA.
A4: MEJORAR INFRAESTRUCTURA HIDRAULICA EN CALLES DE CABECERA MUNICIPAL , CULTURA DE USO MODERADO DE AGUA POTABLE IMPLEMENTADA EN CABECERA MUNICIPAL | C4: NOMBRE DEL INDICADOR | F4: OBRAS REALIZADAS | I4: DESCRIPCIÓN DEL INDICADOR | L4: OBRAS REALIZADAS | Q4: DIMENSIÓN | R4: MUNICIPAL
C5: MÉTODO DE CÁLCULO (FÓRMULA) | F5: No. DE OBRAS REALIZADAS/No. DE OBRAS PROGRAMADAS*100 | L5: FUENTE VAR. 1 | N5: No. DE OBRAS REALIZADAS | P5: FUENTE VAR. 2 | R5: No. DE OBRAS PROGRAMADAS
A6: RESUMEN NARRATIVO | C6: UNIDAD DE MEDIDA | F6: Indicador | J6: META (CANTIDAD) | L6: 1 | M6: UNIVERSO | O6: 1 | Q6: LÍNEA BASE | R6: PROGRAMA DE GOBIERNO | S6: AÑO: 2025
A7: MEJORAR INFRAESTRUCTURA HIDRAULICA EN CALLES DE CABECERA MUNICIPAL , CULTURA DE USO MODERADO DE AGUA POTABLE IMPLEMENTADA EN CABECERA MUNICIPAL | C7: TIPO DE META | F7: TRIMESTRAL | J7: FRECUENCIA DE MEDICIÓN | M7: Anual | O7: DESAGREGACIÓN GEOGRÁFICA
C8: CALENDARIZACIÓN DE LA META | F8: ENE | G8: FEB | H8: MAR | I8: ABR | J8: MAY | K8: JUN | L8: JUL | M8: AGO | N8: SEP | O8: OCT | P8: NOV | Q8: DIC | R8: TOTAL
F9: 1 | G9: 1 | H9: 1 | I9: 1 | J9: 1 | K9: 1 | L9: 1 | M9: 1 | N9: 1 | O9: 1 | P9: 1 | Q9: 1 | R9: 1
A11: COMPONENTE 1 | C11: ALINEACIÓN MG PROEDUCA | F11: DOCTOR MORA POR UN GOBIERNO ATENTO Y COMPROMETIDO | J11: OP PROEDUCA | O11: MP PROEDUCA | P11: REALIZAR 400 MTS. DE REPOSICION DE RED HIDRAULICA EN CABECERA MPAL.
A12: REPOSICION DE TUBO HIDRAULICO EN LAS CALLES QUE CUENTA CON TUBO DE ASBESTO CEMENTO EN LINEAS DE AGUA POTABLE DE CABECERA MUNICIPAL PARA EFICIENTAR EL SUMINISTRO | C12: NOMBRE DEL INDICADOR | F12: REPOSIDICION DE TUBO DE ASBESTO POR TUBO DE PVC EN CABECERA M PAL | I12: DESCRIPCIÓN DEL INDICADOR | L12: METROS DE REPOSICION DE TUBO ASBESTO POR PVC | Q12: DIMENSIÓN | R12: MUNICIPAL
C13: MÉTODO DE CÁLCULO (FÓRMULA) | F13: NUMERO DE METROS REALIZADOS /NUMERO DE METROS PROGRAMADOS*100 | L13: FUENTE VAR. 1 | N13: No. DE MTRS. REALIZADOS | P13: FUENTE VAR. 2 | R13: No. DE MTS. PROGRAMADOS
A14: RESUMEN NARRATIVO | C14: UNIDAD DE MEDIDA | F14: METROS | J14: META (CANTIDAD) | L14: REPOSICION DE 400 MTS. DE TUBO DE ASBESTO POR TUBO PVC HIDRAULICO | M14: UNIVERSO | O14: 1 | Q14: LÍNEA BASE | R14: PROGRAMA DE GOBIERNO | S14: AÑO:2025
A15: REPOSICION DE TUBO HIDRAULICO EN LAS CALLES QUE CUENTA CON TUBO DE ASBESTO CEMENTO EN LINEAS DE AGUA POTABLE DE CABECERA MUNICIPAL PARA EFICIENTAR EL SUMINISTRO | C15: TIPO DE META | F15: TRIMESTRAL | J15: FRECUENCIA DE MEDICIÓN | M15: TRIMESTRAL | O15: DESAGREGACIÓN GEOGRÁFICA
C16: CALENDARIZACIÓN DE LA META | F16: ENE | G16: FEB | H16: MAR | I16: ABR | J16: MAY | K16: JUN | L16: JUL | M16: AGO | N16: SEP | O16: OCT | P16: NOV | Q16: DIC | R16: TOTAL
F17: 0 | G17: 0 | H17: 0 | I17: 0 | J17: 0.5 | K17: 0 | L17: 0.5 | M17: 0 | N17: 0 | O17: 0 | P17: 0 | Q17: 0 | R17: 1
A18: ACTIVIDADES | F18: FECHA | H18: IDENTIFICACIÓN DE RECURSOS NECESARIOS
F19: INICIO | G19: FIN | H19: SERVICIOS PERSONALES | J19: MATERIALES Y SUMINISTROS | L19: SERVICIOS GENERALES | N19: AYUDAS Y SUBSIDIOS | P19: BIENES MUEBLES E INMUEBLES | R19: INVERSION PUBLICA
A20: 1.1 | B20: =[1]MIR!C2 -> Resumen Narrativo | F20: MAYO | G20: JULIO | R20: 116360
A21: UR/URD RESPONSABLE | C21: 2 | J21: NOMBRE DE RESPONSABLE | N21: C. LORENZO RAMIREZ GALVAN
A24: COMPONENTE 2 | C24: ALINEACIÓN MG PROEDUCA | J24: OP PROEDUCA | O24: MP PROEDUCA
A25: AMPLIACION DE RED DE DRENAJE EN CALLES QUE NO CUENTAN CON RED DE DRENAJE DE CABECERA MPAL. | C25: NOMBRE DEL INDICADOR | F25: AMPLIACIONES DE RED DE DRENAJE EN CABECERA MPAL. | I25: DESCRIPCIÓN DEL INDICADOR | L25: METROS DE AMPLIACION DE RED DE DRENAJE | Q25: DIMENSIÓN | R25: MUNICIPAL
C26: MÉTODO DE CÁLCULO (FÓRMULA) | F26: No. DE MTROS DE AMPLIACIONES REALIZADAS /No. DE MTS. DE AMPLIACIONES PROGRAMADOS*100 | L26: FUENTE VAR. 1 | N26: No. DE METROS DE AMPLIACIONES REALIZADAS | P26: FUENTE VAR. 2 | R26: No. DE MTS. DE AMPLIACIONES PROGRAMADAS
A27: RESUMEN NARRATIVO | C27: UNIDAD DE MEDIDA | F27: NETROS | J27: META (CANTIDAD) | L27: AMPLIACION DE 80 MTRS DE RED DE DRENAJE | M27: UNIVERSO | O27: 1 | Q27: LÍNEA BASE | R27: PROGRAMA DE GOBIERNO 2018-2021 | S27: AÑO:2022
A28: AMPLIACION DE RED DE DRENAJE EN CALLES QUE NO CUENTAN CON RED DE DRENAJE DE CABECERA MPAL. | C28: TIPO DE META | F28: TRIMESTRAL | J28: FRECUENCIA DE MEDICIÓN | M28: TRIMESTRAL | O28: DESAGREGACIÓN GEOGRÁFICA
C29: CALENDARIZACIÓN DE LA META | F29: ENE | G29: FEB | H29: MAR | I29: ABR | J29: MAY | K29: JUN | L29: JUL | M29: AGO | N29: SEP | O29: OCT | P29: NOV | Q29: DIC | R29: TOTAL
F30: 0 | G30: 0 | H30: 0 | I30: 1 | J30: 0 | K30: 0 | L30: 0.5 | M30: 0 | N30: 0 | O30: 0 | P30: 0 | Q30: 0 | R30: 1
A31: ACTIVIDADES | F31: FECHA | H31: IDENTIFICACIÓN DE RECURSOS NECESARIOS
F32: INICIO | G32: FIN | H32: SERVICIOS PERSONALES | J32: MATERIALES Y SUMINISTROS | L32: SERVICIOS GENERALES | N32: AYUDAS Y SUBSIDIOS | P32: BIENES MUEBLES E INMUEBLES | R32: INVERSION PUBLICA
A33: 1.1 | B33: GESTIONAR Y TRABAJAR PARA CUBRIR EL REZAGO DE INFRAESTRUCTURA DE DRENAJE EN CABECERA MPAL. | F33: ENERO | G33: ABRIL | R33: CONSTRUCCION DE OBRAS PARA EL ABASTECIMIENTO DE AGUA, PETROLEO, GAS, ELECTRICIDAD Y TELECOMUNICACIONES | S33: 102000
A34: UR/URD RESPONSABLE | C34: 2 | J34: NOMBRE DE RESPONSABLE | N34: C. ADALBERTO ZARAZUA HERNANDEZ
A37: COMPONENTE2 | C37: ALINEACIÓN MG PROEDUCA | J37: OP PROEDUCA | O37: MP PROEDUCA
A38: IMPLEMENTAR UNA CULTURA Y USO DE AGUA A LOS CIUDADANOS DE CABECERA MPAL. IMPLEMENTADA | C38: NOMBRE DEL INDICADOR | F38: IMPLEMENTACION DEL ESPACIO CULTURA Y USO DEL AGUA EN MPIO | I38: DESCRIPCIÓN DEL INDICADOR | L38: IMPLEMENTACION DEL ESPACIO CULTURA Y USO DEL AGUA EN MPIO | Q38: DIMENSIÓN | R38: MUNICIPAL
C39: MÉTODO DE CÁLCULO (FÓRMULA) | F39: No. TOTAL DE RECIBOS REALIZADOS/No. TOTAL DE RECIBOS PROGRAMADOS)*100 | L39: FUENTE VAR. 1 | N39: No. TOTAL DE RECIBOS REALIZADOS | P39: FUENTE VAR. 2 | R39: No. TOTAL DE RECIBOS PROGRAMADOS
A40: RESUMEN NARRATIVO | C40: UNIDAD DE MEDIDA | F40: NUM DE RECIBOS | J40: META (CANTIDAD) | L40: 12000 | M40: UNIVERSO | O40: 1 | Q40: LÍNEA BASE | R40: PROGRAMA DE GOBIERNO | S40: AÑO: 2025
A41: IMPLEMENTAR UNA CULTURA Y USO DE AGUA A LOS CIUDADANOS DE CABECERA MPAL. IMPLEMENTADA | C41: TIPO DE META | F41: TRIMESTRAL | J41: FRECUENCIA DE MEDICIÓN | M41: TRIMESTRAL | O41: DESAGREGACIÓN GEOGRÁFICA
C42: CALENDARIZACIÓN DE LA META | F42: ENE | G42: FEB | H42: MAR | I42: ABR | J42: MAY | K42: JUN | L42: JUL | M42: AGO | N42: SEP | O42: OCT | P42: NOV | Q42: DIC | R42: TOTAL
F43: 0.0833 | G43: 0.0833 | H43: 0.0833 | I43: 0.0833 | J43: 0.0833 | K43: 0.0833 | L43: 0.0833 | M43: 0.0833 | N43: 0.0833 | O43: 0.0833 | P43: 0.0833 | Q43: 0.0833 | R43: 1
A44: ACTIVIDADES | F44: FECHA | H44: IDENTIFICACIÓN DE RECURSOS NECESARIOS
F45: INICIO | G45: FIN | H45: GASTOS DE ORDEN SOCIAL Y CULTURAL | J45: MATERIALES Y SUMINISTROS | L45: SERVICIOS GENERALES | N45: AYUDAS Y SUBSIDIOS | P45: BIENES MUEBLES E INMUEBLES | R45: INVERSION PUBLICA
A46: 2.1 | B46: 12000 IMPRESIÓN DE HOJAS MEDIA CARTA PARA RECIBOS , 14 PLATICAS DE CULTURA Y USO DEL AGUA Y UN EVENTO DE FESTEJO DE DIA INTERNACIONAL DEL AGUA POTABLE | F46: ENERO | G46: DICIEMBRE | H46: 26000
C47: 1 | J47: NOMBRE DE RESPONSABLE | N47: C. LORENZO RAMIREZ GALVAN
A49: COMPONENTE 4 | C49: ALINEACIÓN MG PROEDUCA | J49: OP PROEDUCA | O49: MP PROEDUCA
A50: AGUA SANEADA EN AREAS VERDES Y SEMBRADIOS DE TALLO ALTO REUTILIZADA | C50: NOMBRE DEL INDICADOR | F50: PROYECTO EJECUTIVO | I50: DESCRIPCIÓN DEL INDICADOR | L50: PROYECTO EJECUTIVO AUTORIZADO | Q50: DIMENSIÓN | R50: MUNICIPAL
C51: MÉTODO DE CÁLCULO (FÓRMULA) | F51: No. DE PROYECTOS EJECUTIVO AUTORIZADO/No. DE PROYECTOS PROGRAMADOS) *100 | L51: FUENTE VAR. 1 | N51: No. DE PROYECTOS EJECUTIVO AUTORIZADO | P51: FUENTE VAR. 2 | R51: No. DE PROYECTOS PROGRAMADOS
A52: RESUMEN NARRATIVO | C52: UNIDAD DE MEDIDA | F52: UN PROYECTO EJECUTIVO AUTORIZADO | J52: META (CANTIDAD) | L52: 1 | M52: UNIVERSO | O52: 1 | Q52: LÍNEA BASE | R52: PROGRAMA DE GOBIERNO 2018-2021 | S52: AÑO: 2022
A53: AGUA SANEADA EN AREAS VERDES Y SEMBRADIOS DE TALLO ALTO REUTILIZADA | C53: TIPO DE META | F53: TRIMESTRAL | J53: FRECUENCIA DE MEDICIÓN | M53: TRIMESTRAL | O53: DESAGREGACIÓN GEOGRÁFICA
C54: CALENDARIZACIÓN DE LA META | F54: ENE | G54: FEB | H54: MAR | I54: ABR | J54: MAY | K54: JUN | L54: JUL | M54: AGO | N54: SEP | O54: OCT | P54: NOV | Q54: DIC | R54: TOTAL
F55: 0 | G55: 0.5 | K55: 0.5 | R55: 1
A56: ACTIVIDADES | F56: FECHA | H56: IDENTIFICACIÓN DE RECURSOS NECESARIOS
F57: INICIO | G57: FIN | H57: SERVICIOS PERSONALES | J57: MATERIALES Y SUMINISTROS | L57: SERVICIOS GENERALES | N57: AYUDAS Y SUBSIDIOS | P57: BIENES MUEBLES E INMUEBLES | R57: INVERSION PUBLICA
A58: 3.1 | B58: GESTIONAR PARA REALIZACION DE UN PROYECTO DE REUTILIZACION DE AGUA SANEADA EN AREAS VERDES COMO LA ALAMEDA, CAMPOS DE BEISBOL | F58: ENERO | G58: JULIO | L58: SERVICIOS PROFESIONALES, CIENT | R58: PROYECTO EJECUTIVO PARA REUTILIZACION DE AGUA SANEADA
A60: UR/URD RESPONSABLE | C60: 3 | J60: NOMBRE DE RESPONSABLE | N60: C. LORENZO RAMIREZ GALVAN
A63: COMPONENTE3 | C63: ALINEACIÓN MG PROEDUCA | F63: DOCTOR MORA POR UN GOBIERNO ATENTO Y COMPROMETIDO | J63: OP PROEDUCA | O63: MP PROEDUCA | P63: ESTRATEGIA: FORTALECIENDO LA COBERTURA DE SERVICIOS DE AGUA, DRENAJE Y SANEAMIENTO, PROMOVIENDO EL USO RACIONAL DEL VITAL LIQUIDO PARA SU MEJOR APROVECHAMIENTO
A64: GASTOS DE ADMINISTRACION Y PERSONAL | C64: NOMBRE DEL INDICADOR | F64: GASTOS DE ADMINISTRACION Y PERSONAL | I64: DESCRIPCIÓN DEL INDICADOR | L64: Proporcionar presupuesto para el buen funcionamiento de la administración pública | Q64: DIMENSIÓN | R64: Eficiencia
C65: MÉTODO DE CÁLCULO (FÓRMULA) | F65: No. DE METAS CUMPLIDAS/METAS PROGRAMADAS EN EL PROGRAMA DE GOBIERNO MUNICIPAL *100 | L65: FUENTE VAR. 1 | N65: No. DE METAS CUMPLIDAS | P65: FUENTE VAR. 2 | R65: METAS PROGRAMADAS EN EL PROGRAMA DE GOBIERNO MUNICIPAL
A66: RESUMEN NARRATIVO | C66: UNIDAD DE MEDIDA | F66: INDICADOR | J66: META (CANTIDAD) | L66: 1 | M66: UNIVERSO | Q66: LÍNEA BASE | R66: PROGRAMA DE GOBIERNO | S66: AÑO: 2025
C67: TIPO DE META | F67: ANUAL | J67: FRECUENCIA DE MEDICIÓN | M67: TRIMESTRAL | O67: DESAGREGACIÓN GEOGRÁFICA
C68: CALENDARIZACIÓN DE LA META | F68: ENE | G68: FEB | H68: MAR | I68: ABR | J68: MAY | K68: JUN | L68: JUL | M68: AGO | N68: SEP | O68: OCT | P68: NOV | Q68: DIC | R68: TOTAL
F69: 8.33% | G69: 8.33% | H69: 8.33% | I69: 8.33% | J69: 8.33% | K69: 8.33% | L69: 8.33% | M69: 8.33% | N69: 8.33% | O69: 8.33% | P69: 8.33% | Q69: 8.33% | R69: 1
F70: FECHA | H70: IDENTIFICACIÓN DE RECURSOS NECESARIOS
F71: INICIO | G71: FIN | H71: SERVICIOS PERSONALES | J71: MATERIALES Y SUMINISTROS | L71: SERVICIOS GENERALES | N71: BIENES MUEBLES, INMUEBLES E INTANGIBLES | P71: SERVICIOS OFICIALES | R71: OBRA PÚBLICA
H72: =I73+I74+I75+I76+I77+I78+I79 -> 1006942.1 | J72: =K73+K74+K75+K76+K77+K78+K79+K80+K81+K82+K83+K84 -> 140505.18 | L72: =M73+M74+M75+M76+M77+M78+M79+M80+M81+M82+M83+M84+M85+M86+M87 -> 310862.85 | N72: =N90 -> 22559.3
F73: ENERO | G73: DICIEMBRE | H73: SUELDOS BASE - 1131 | I73: 754640.22 | J73: MATERIALES, UTILES Y EQUIPOS MENORES DE OFICINA.- 2111 | K73: 20635.73 | L73: TELEFONICO CELULAR | M73: 7500 | N73: MUEBLES DE OFICINA Y ESTANTERIA | O73: 7559.3
F74: ENERO | G74: DICIEMBRE | H74: ANTIGÜEDAD.- 1312 | I74: 24339.5 | J74: MATERIALES Y UTILES DE IMPRESIÓN Y REPRODUCCION.-2121 | K74: 2566 | L74: SERVICIOS DE ACCESO A INTERNET | M74: 6000 | N74: EQUIPOS DE COMPUTO Y DE TECNOLOGIA DE LA INFORMACION 5151 | O74: 15000
F75: ENERO | G75: DICIEMBRE | H75: PRIMA VACACIONAL.- 1321 | I75: 62025.22 | J75: MATERIALES, UTILES Y EQUIPOS MENORES DE LA TECNOLOGIA DE LA INFORMACION Y COMUNICACIONES TROQULACION.- 2141 | K75: 8163.8 | L75: SERVICIOS LEGALES, DE CONTABILIDAD, AUDITORIA Y RELACIONADOS | M75: 145333.2
F76: ENERO | G76: DICIEMBRE | H76: PRIMA DOMINICAL -1322 | I76: 5202.52 | J76: MATERIALES, UTILES Y EQUIPOS MENORES DE LA TECNOLOGIA DE LA INFORMACION Y COMUNICACIONES COMPRA DE MOUSE .- 2142 | K76: 6000 | L76: SERVICIOS DE CONSULTORIA ADMINISTRATIVA | M76: 38824.9
F77: ENERO | G77: DICIEMBRE | H77: GRATIFICACION DE FIN DE AÑO.- 1323 | I77: 93037.83 | J77: MATERIALES DE LIMPIEZA.- 2161 | K77: 4323.7 | L77: SEGUROS DE BIENS PATRIMONIALES | M77: 4203.2
F78: ENERO | G78: DICIEMBRE | H78: REMUNERACION POR HORAS EXTRAORDINARIAS.- 1331 | I78: 6848.1 | J78: PRODUCTOS ALIMENTICIOS PARA EL PERSONAL.- 2212 | K78: 10612 | L78: SERVICIOS FINANCIEROS, BANCARI | M78: 8291.3
F79: ENERO | G79: DICIEMBRE | H79: LIQUIDACIONES POR INDEMNIZACION.- 1522 | I79: 60848.76 | J79: MATERIALES DE REPARACION DE FUGAS DE DRENAJE 2491-01 | K79: 7000 | L79: CONSERVACION Y MTTO. DE INMUEB | M79: 4500
F80: ENERO | G80: DICIEMBRE | H80: REEMBOLSO GASTOS MEDICOS.- 1541 | I80: 50000 | J80: COMBUSTIBLES, LUBRICANTES Y ADHITIVOS.- 2612 | K80: 29873.47 | L80: INSTALACION, REPARACION Y MTTO DE EQUIPO DE COMPUTO Y TECNOLOGIA DE LA INFORMACION | M80: 7500
J81: VESTUARIOS Y UNIFORMES.- 2711 | K81: 25000 | L81: REPARACION Y MANTENIMIENTO DE EQUIPO DE TRANSPORTE | M81: 17499.68
J82: HERRAMIENTAS MENORES 2911 | K82: 2000 | L82: INSTALACION, REPARACION Y MTTO DE MAQ Y OTROS EQUIPOS 3571 | M82: 3740
J83: REFACCIONES Y ACCESORIOS MENOR DE EQUIPO DE COMPUTO. 2941 | K83: 9330.48 | L83: VIATICOS NACIONALES | M83: 6500
J84: REFACCIONES Y ACCESORIOS MENORES DE EQUIPO DE TRANSPORTE.- 2961 | K84: 15000 | L84: GASTOS DE ORDEN SOCIAL Y CULTURAL 3821 | M84: 20000
L85: GASTOS PARA ALIMENTACION DE SERVIDORES PUBLICOS 3852 | M85: 4733.4
L86: IMPUESTOS Y DERECHOS | M86: 7500
L87: IMPUESTO SOBRE NOMINAS | M87: 28737.17
H90: =SUM(I73:I86) -> 1056942.1 | J90: =SUM(K73:K86) -> 140505.18 | L90: =SUM(M73:M87) -> 310862.85 | N90: =SUM(O73:O86) -> 22559.3
H91: TOTAL UR 1 | I91: =H90+J90+L90+N90 -> 1530869.5
A92: UR/URD RESPONSABLE | C92: ADMINISTRATIVO (1) | J92: NOMBRE DE RESPONSABLE | N92: C. LORENZO RAMIREZ GALVAN
A94: UR 2 | C94: ALINEACIÓN MG PROEDUCA | F94: DOCTOR MORA POR UN GOBIERNO ATENTO Y COMPROMETIDO | J94: OP PROEDUCA | O94: MP PROEDUCA | P94: ESTRATEGIA: FORTALECIENDO LA COBERTURA DE SERVICIOS DE AGUA, DRENAJE Y SANEAMIENTO, PROMOVIENDO EL USO RACIONAL DEL VITAL LIQUIDO PARA SU MEJOR APROVECHAMIENTO
A95: GASTOS DE ADMINISTRACION Y PERSONAL | C95: NOMBRE DEL INDICADOR | F95: GASTOS DE ADMINISTRACION Y PERSONAL | I95: DESCRIPCIÓN DEL INDICADOR | L95: PROPORCIONAR PRESUPUESTO PARA EL BUEN FUNCIONAMIENTO DE LA ADMINISTRACION PUBLICA. | Q95: DIMENSIÓN | R95: Eficiencia
C96: MÉTODO DE CÁLCULO (FÓRMULA) | F96: METAS CUMPLIDAS/METAS PROGRAMADAS EN EL PROGRAMA DE GOBIERNO MUNICIPAL *100 | L96: FUENTE VAR. 1 | P96: FUENTE VAR. 2
A97: RESUMEN NARRATIVO | C97: UNIDAD DE MEDIDA | F97: INDICADOR | J97: META (CANTIDAD) | L97: 1 | M97: UNIVERSO | Q97: LÍNEA BASE | S97: AÑO: 2025
C98: TIPO DE META | F98: ANUAL | J98: FRECUENCIA DE MEDICIÓN | M98: TRIMESTRAL | O98: DESAGREGACIÓN GEOGRÁFICA
C99: CALENDARIZACIÓN DE LA META | F99: ENE | G99: FEB | H99: MAR | I99: ABR | J99: MAY | K99: JUN | L99: JUL | M99: AGO | N99: SEP | O99: OCT | P99: NOV | Q99: DIC | R99: TOTAL
F100: 8.33% | G100: 8.33% | H100: 8.33% | I100: 8.33% | J100: 8.33% | K100: 8.33% | L100: 8.33% | M100: 8.33% | N100: 8.33% | O100: 8.33% | P100: 8.33% | Q100: 8.33% | R100: 1
A101: ACTIVIDADES | F101: FECHA | H101: IDENTIFICACIÓN DE RECURSOS NECESARIOS
F102: INICIO | G102: FIN | H102: SERVICIOS PERSONALES | J102: MATERIALES Y SUMINISTROS | L102: SERVICIOS GENERALES | N102: BIENES MUEBLES, INMUEBLES E INTANGIBLES | P102: INVERSION PUBLICA | R102: OBRA PÚBLICA
I103: =I104+I105+I106+I107+I108+I109+I110+I111+I112 -> 871533.13 | K103: =SUM(K104:K118) -> 450251.98 | M103: =M104+M105+M106+M107+M108+M109+M110+M111+M112+M113+M115+M114 -> 2875087 | Q103: =Q104+Q105 -> 250000
F104: ENERO | G104: DICIEMBRE | H104: SUELDOS BASE | I104: 642372.33 | J104: PRODUCTOS ALIMENTICIOS PARA EL PERSONAL | K104: 8320 | L104: ENERGIA ELECTRICA | M104: 2548783.1 | N104: MUEBLES DE OFICINA Y ESTANTERI | O104: 0 | P104: CONSTRUCCION DE OBRAS PARA EL ABASTECIMIENTO DE AGUA, PETROLEO, GAS, ELECTRICIDAD Y TELECOMUNICACIONES 6131 | Q104: 250000
F105: ENERO | G105: DICIEMBRE | H105: REMUNERACION PARA EVENTUALES | I105: 10400 | J105: OTROS MATERIALES Y ARTICULOS DE CONSTRUCCION Y REPARACION 2421 | K105: 19400 | L105: TELEFONIA CELULAR | M105: 13000 | P105: CONSTRUCCION DE OBRAS PARA EL ABASTECIMIENTO DE AGUA, PETROLEO, GAS, ELECTRICIDAD Y TELECOMUNICACIONES 6133
F106: ENERO | G106: DICIEMBRE | H106: ANTIGUEDAD | J106: MATERIALES DE REPARACION DE FUGAS DE DRENAJE 2491-01 | K106: 20080 | L106: SERVICIOS DE CAPACITACION | M106: 2196.8
F107: ENERO | G107: DICIEMBRE | H107: PRIMA VACACIONAL | I107: 52797.73 | J107: MATERIAL DE REPARACION DE FUGAS DE AGUA 2491-02 | K107: 67681.98 | L107: SERVICIOS PROFESIONALES, CIENT 3391 | M107: 37695.9
F108: ENERO | G108: DICIEMBRE | H108: PRIMA DOMINICAL | I108: 6766.48 | J108: MATERIALES DE INSTALACION DE TOMAS DE AGUA 2491-03 | K108: 59000 | L108: FLETES Y MANIOBRAS | M108: 61304.46
F109: ENERO | G109: DICIEMBRE | H109: GRATIFICACION DE FIN DE AÑO | I109: 79196.59 | J109: MATERIALES DE INSTALACION DE TOMA DE DRENAJE 2491-04 | K109: 14160 | L109: CONSERVACION Y MANTENIMIENTO MENOR DE INMUEBLES 5111 | M109: 3500
F110: ENERO | G110: DICIEMBRE | H110: REMUNERACION POR HORAS EXTRAOR | I110: 20000 | J110: MATERIALES DE MANTENIMIENTO DE REDES 2491-05 | K110: 30000 | L110: REPARACION Y MANTENIMIENTO DE EQUIPO DE TRANSPORTE | M110: 23364.2
F111: ENERO | G111: DICIEMBRE | H111: LIQUIDACIONES POR INDEMNIZACIO | J111: OTROS MATERIALES Y ARTICULOS DE CONSTRUCCION Y REPARACION 3 MACROMEDIDORES | K111: 50000 | L111: HERRAMIENTA | M111: 28156.2
F112: ENERO | G112: DICIEMBRE | H112: REEMBOLSO GASTOS MEDICOS | I112: 60000 | J112: PRODUCTOS QUIMICOS BASICOS 2511 | K112: 44410 | L112: VIATICOS NACIONALES | M112: 5120
J113: COMBUSTIBLES, LUBRICANTES Y ADITIVOS 2612 | K113: 65000 | L113: PAGO DE EXTRACCION DE AGUA | M113: 120800
...
